 Dungeon Crawl Stone Soup version 0.24.1-14-gf8d2b509d9 (webtiles) character file.

Game seed: 16496157389089127663, levelgen mode: deterministic

9199193 Bowmetheus the Sniper (level 27, 271/271 HPs)
             Began as a Centaur Hunter on Apr 10, 2024.
             Was the Champion of the Shining One.
             Escaped with the Orb
             ... and 15 runes on Apr 20, 2024!
             The game lasted 15:19:43 (187429 turns).

Bowmetheus the Sniper (Centaur Hunter)            Turns: 187429, Time: 15:19:44

Health: 271/271    AC: 52    Str: 32    XL:     27
Magic:  37/37      EV: 15    Int: 19    God:    the Shining One [******]
Gold:   3127       SH:  0    Dex: 11    Spells: 12/54 levels left

rFire    + + +     SeeInvis .   b - +5 executioner's axe (chop)
rCold    + + +     Gourm    .   (shield currently unavailable)
rNeg     + + +     Faith    .   c - +10 plate armour of Modesty {+Blink rC+ Int+4}
rPois    +         Spirit   .   h - +2 helmet of Indomitability {Str+3 Int+3}
rElec    +         Reflect  .   v - +1 cloak of Starlight {rElec rC+ EV+4 Stlth--}
rCorr    .         Harm     .   g - +2 pair of gloves {archery}
MR       +++..                  B - +4 centaur barding {rF+}
Stlth    ..........             J - amulet "Nohich" {Acrobat MR+ Slay+2}
HPRegen  0.55/turn              p - ring "Kidochan" {+Inv rPois rF+ Str+2}
MPRegen  0.25/turn              O - ring "Cokhienk" {rF+ rC+ Stlth+}

@: glowing, very quick
A: large, hooves 3, deformed body, fire resistance 1, speed 2, low mp 1, strong
1, tough skin 3, evolution 1
0: Orb of Zot
}: 15/15 runes: serpentine, barnacled, slimy, silver, golden, iron, obsidian,
icy, bone, abyssal, demonic, glowing, magical, fiery, dark
a: Divine Shield, Cleansing Flame, Summon Divine Warrior, Renounce Religion,
Evoke Blink, Evoke Invisibility


You escaped.
You worshipped the Shining One.
The Shining One was exalted by your worship.
You were not hungry.

You visited 18 branches of the dungeon, and saw 90 of its levels.
You visited Pandemonium 7 times, and saw 10 of its levels.
You visited the Abyss 15 times.
You also visited: Trove, Bailey, Ice Cave and Wizlab.

You collected 18089 gold pieces.
You spent 7178 gold pieces at shops.
You donated 7784 gold pieces to Zin.

Inventory:

Hand Weapons
 a - a +7 triple crossbow of freezing
 b - a +5 executioner's axe of chopping (weapon)
 r - a +5 triple crossbow of holy wrath
 s - a +3 trident of protection
 w - the +7 great mace "Firestarter" {inner flame, rF++}
   (You found it on level 1 of Gehenna)

   It has been specially enchanted to burn those struck by it, causing extra
   injury to most foes and up to half again as much damage against particularly
   susceptible opponents.
   It greatly protects you from fire.
Missiles
 j - 755 bolts
 l - 20 curare-tipped darts (quivered) {FROSTY BPOP FRIDAY & PLAYING ON CAO BRB :D}
 R - 24 throwing nets
Armour
 c - the +10 plate armour of Modesty (worn) {+Blink rC+ Int+4}
   (You found it on level 3 of the Tomb of the Ancients)

   It affects your intelligence (+4).
   It protects you from cold.
   It lets you blink.
 g - a +2 pair of gloves of archery (worn)
 h - the +2 helmet of Indomitability (worn) {Str+3 Int+3}
   (You found it in a treasure trove)

   It affects your strength (+3).
   It affects your intelligence (+3).
 v - the +1 cloak of Starlight (worn) {rElec rC+ EV+4 Stlth--}
   (You found it in a treasure trove)

   It affects your evasion (+4).
   It protects you from cold.
   It insulates you from electricity.
   It makes you much less stealthy.
 B - a +4 centaur barding of fire resistance (worn)
 C - the +7 Kryia's mail coat {PotionHeal*2 rC+}
   (Okawaru gifted it to you on level 2 of the Shoals)

   It protects you from cold.
Jewellery
 p - the ring "Kidochan" (left hand) {+Inv rPois rF+ Str+2}
   (You found it on level 3 of the Snake Pit)

   [ring of strength]

   It affects your strength (+2).
   It protects you from fire.
   It protects you from poison.
   It lets you turn invisible.
 J - the amulet "Nohich" (around neck) {Acrobat MR+ Slay+2}
   (You took it off a deep elf blademaster on level 3 of the Elven Halls)

   [amulet of the acrobat]

   It helps you evade while moving and waiting.
   It affects your accuracy and damage with ranged weapons and melee attacks
   (+2).
   It affects your resistance to hostile enchantments.
 O - the ring "Cokhienk" (right hand) {rF+ rC+ Stlth+}
   (You took it off a vault sentinel on level 5 of the Vaults)

   [ring of protection from fire]

   It protects you from fire.
   It protects you from cold.
   It makes you more stealthy.
Wands
 d - a wand of digging (24)
 f - a wand of flame (103)
 k - a wand of acid (44)
 m - a wand of iceblast (41)
 q - a wand of paralysis (30)
 M - a wand of enslavement (46)
Scrolls
 e - 5 scrolls of fear
 o - 2 scrolls of identify
 G - 13 scrolls of fog
 Q - 2 scrolls of holy word
 T - 23 scrolls of teleportation
 U - 29 scrolls of remove curse
 V - 3 scrolls of summoning
 X - 6 scrolls of magic mapping
 Z - 5 scrolls of blinking
Potions
 i - 10 potions of berserk rage
 t - 7 potions of might
 u - 20 potions of curing
 y - 2 potions of agility
 z - 4 potions of haste
 A - 2 potions of magic
 D - 11 potions of lignification
 E - 5 potions of resistance
 F - 11 potions of flight
 H - 8 potions of heal wounds
 K - a potion of cancellation
 S - 13 potions of brilliance
 Y - a potion of mutation
Miscellaneous
 n - a figurine of a ziggurat
 I - a lamp of fire
 L - 5 boxes of beasts
 N - a lightning rod (4/4)
 P - a phial of floods
Comestibles
 x - 48 rations


   Skills:
 - Level 26.8 Fighting
 - Level 26.2(26.8) Axes
 - Level 11.0(20.3) Maces & Flails
 - Level 26.9 Crossbows
 + Level 23.6 Armour
 + Level 15.1 Dodging
 - Level 0.4 Stealth
 - Level 14.2 Spellcasting
 - Level 11.8 Hexes
 - Level 4.2 Charms
 - Level 12.4 Summonings
 - Level 7.7 Translocations
 - Level 7.7 Air Magic
 - Level 26.9 Invocations
 - Level 8.0 Evocations


You had 12 spell levels left.
You knew the following spells:

 Your Spells              Type           Power        Failure   Level  Hunger
a - Apportation           Tloc           #####.       1%          1    None
b - Blink                 Tloc           N/A          1%          2    None
c - Corona                Hex            ######.      1%          1    None
d - Summon Lightning Spi  Summ/Air       ######..     2%          4    None
f - Portal Projectile     Hex/Tloc       ######       1%          3    None
g - Summon Butterflies    Summ           ######..     1%          1    None
j - Call Canine Familiar  Summ           ######..     1%          3    None
q - Confuse               Hex            ######..     1%          3    None
s - Song of Slaying       Chrm           ####....     4%          2    None
v - Summon Mana Viper     Hex/Summ       ######..     2%          5    ####...
A - Aura of Abjuration    Summ           ######....   2%          5    ####...
C - Inner Flame           Hex/Fire       #####...     4%          3    None
J - Infusion              Chrm           ####         2%          1    None
S - Spectral Weapon       Hex/Chrm       #####...     1%          3    None
T - Tukima's Dance        Hex            ######..     1%          3    None
V - Shroud of Golubria    Chrm/Tloc      #####.       1%          2    None

Your spell library contained the following spells:

 Spells                   Type           Power        Failure   Level  Hunger
 Confusing Touch          Hex            ######       1%          1    None
 Summon Small Mammal      Summ           ####         1%          1    None
 Call Imp                 Summ           ######..     1%          2    None
 Ensorcelled Hibernation  Hex/Ice        #####.       1%          2    None
 Slow                     Hex            ######..     1%          2    None
 Swiftness                Chrm/Air       #####...     1%          2    None
 Gell's Gravitas          Tloc           #####.....   1%          3    None
 Lesser Beckoning         Tloc           #####.....   1%          3    None
 Recall                   Summ/Tloc      N/A          1%          3    None
 Summon Guardian Golem    Hex/Summ       ######..     1%          3    None
 Cause Fear               Hex            ######....   1%          4    None
 Summon Demon             Summ           ######....   2%          5    ####...
 Shock                    Conj/Air       ####         3%          1    None
 Poisonous Vapours        Pois/Air       ####..       4%          2    None
 Dazzling Spray           Conj/Hex       #####.       4%          3    None
 Airstrike                Air            #####.....   6%          4    None
 Summon Forest            Summ/Tloc      ######....   7%          5    ####...
 Silence                  Hex/Air        ######....   8%          5    ####...
 Static Discharge         Conj/Air       ####....     10%         3    None
 Summon Ice Beast         Ice/Summ       #####...     12%         4    None
 Fulminant Prism          Conj/Hex       #####.....   13%         4    None
 Leda's Liquefaction      Hex/Erth       #####.....   13%         4    None
 Shadow Creatures         Summ           N/A          14%         6    #####..
 Animate Skeleton         Necr           N/A          16%         1    None
 Beastly Appendage        Tmut           ##....       16%         1    None
 Flame Tongue             Conj/Fire      ##...        16%         1    None
 Freeze                   Ice            ##..         16%         1    None
 Magic Dart               Conj           ##..         16%         1    None
 Pain                     Necr           ##..         16%         1    None
 Sandblast                Erth           ##....       16%         1    None
 Sting                    Conj/Pois      ##..         16%         1    None
 Mephitic Cloud           Conj/Pois/Air  ###.....     16%         3    None
 Ozocubu's Armour         Chrm/Ice       ###.....     19%         3    None
 Regeneration             Chrm/Necr      ###.......   19%         3    None
 Darkness                 Hex            ######....   19%         6    #####..
 Invisibility             Hex            ######..     19%         6    #####..
 Corpse Rot               Necr           N/A          22%         2    None
 Passwall                 Tmut/Erth      ##......     22%         2    None
 Searing Ray              Conj           ##....       22%         2    None
 Sticks to Snakes         Tmut           ##......     22%         2    None
 Sublimation of Blood     Necr           ##........   22%         2    None
 Throw Flame              Conj/Fire      ##....       22%         2    None
 Throw Frost              Conj/Ice       ##....       22%         2    None
 Force Lance              Conj/Tloc      ####....     30%         4    None
 Metabolic Englaciation   Hex/Ice        #####.....   36%         5    ####...
 Yara's Violent Unravell  Hex/Tmut       #####.....   36%         5    ####...
 Conjure Flame            Conj/Fire      ##......     41%         3    None
 Ignite Poison            Fire/Tmut/Pois ##......     41%         3    None
 Spider Form              Tmut/Pois      ##........   41%         3    None
 Stone Arrow              Conj/Erth      ##....       41%         3    None
 Vampiric Draining        Necr           ##........   41%         3    None
 Monstrous Menagerie      Summ           ######....   58%         7    #######
 Summon Greater Demon     Summ           ######....   58%         7    #######
 Summon Hydra             Summ           ######....   58%         7    #######
 Lightning Bolt           Conj/Air       ####......   65%         5    ####...
 Dispersal                Tloc           #####.....   67%         6    #####..
 Animate Dead             Necr           N/A          83%         4    None
 Ice Form                 Ice/Tmut       ##......     83%         4    None
 Iskenderun's Mystic Bla  Conj           ##......     83%         4    None
 Olgreb's Toxic Radiance  Pois           ##......     83%         4    None
 Petrify                  Tmut/Erth      ##......     83%         4    None
 Sticky Flame             Conj/Fire      ##......     83%         4    None
 Throw Icicle             Conj/Ice       ##......     83%         4    None
 Excruciating Wounds      Chrm/Necr      ###.......   87%         5    ####...
 Iskenderun's Battlesphe  Conj/Chrm      ###.....     87%         5    ####...
 Deflect Missiles         Chrm/Air       #####.....   89%         6    #####..
 Malign Gateway           Summ/Tloc      ######....   90%         7    #######
 Agony                    Necr           ##......     99%         5    ####...
 Alistair's Intoxication  Tmut/Pois      ##......     99%         5    ####...
 Blade Hands              Tmut           ##........   99%         5    ####...
 Bolt of Draining         Conj/Necr      ##........   99%         5    ####...
 Bolt of Magma            Conj/Fire/Erth ##........   99%         5    ####...
 Borgnjor's Vile Clutch   Necr/Erth      ##........   99%         5    ####...
 Dispel Undead            Necr           ##......     99%         5    ####...
 Fireball                 Conj/Fire      ##........   99%         5    ####...
 Irradiate                Conj/Tmut      ##........   99%         5    ####...
 Lee's Rapid Deconstruct  Erth           ##........   99%         5    ####...
 Venom Bolt               Conj/Pois      ##........   99%         5    ####...
 Conjure Ball Lightning   Conj/Air       ####......   99%         6    #####..
 Summon Horrible Things   Summ           ######....   99%         8    #######
 Bolt of Fire             Conj/Fire      ##........   100%        6    #####..
 Freezing Cloud           Conj/Ice/Air   ###.......   100%        6    #####..
 Hydra Form               Tmut           ##........   100%        6    #####..
 Iron Shot                Conj/Erth      ##........   100%        6    #####..
 Poison Arrow             Conj/Pois      ##........   100%        6    #####..
 Simulacrum               Ice/Necr       ##........   100%        6    #####..
 Statue Form              Tmut/Erth      ##.......    100%        6    #####..
 Dragon Form              Tmut           ##........   100%        7    #######
 Ring of Flames           Chrm/Fire      ###.......   100%        7    #######
 Spellforged Servitor     Conj/Summ      #####.....   100%        7    #######
 Chain Lightning          Conj/Air       ####......   100%        8    #######
 Controlled Blink         Tloc           N/A          100%        8    #######
 Death's Door             Chrm/Necr      ###.......   100%        8    #######
 Disjunction              Tloc           #####.....   100%        8    #######
 Ignition                 Fire           ##........   100%        8    #######
 Lehudib's Crystal Spear  Conj/Erth      ##........   100%        8    #######
 Dragon's Call            Summ           ######....   100%        9    #######
 Fire Storm               Conj/Fire      ##........   100%        9    #######
 Glaciate                 Conj/Ice       ##........   100%        9    #######
 Shatter                  Erth           ##........   100%        9    #######
 Tornado                  Air            #####.....   100%        9    #######


Dungeon Overview and Level Annotations

Branches:
Dungeon (15/15)            Temple (1/1) D:5            Lair (6/6) D:11
 Shoals (4/4) Lair:4        Snake (4/4) Lair:4        Slime (5/5) Lair:6
    Orc (2/2) D:12            Elf (3/3) Orc:2        Vaults (5/5) D:14
  Crypt (3/3) Vaults:2       Tomb (3/3) Crypt:3      Depths (5/5) D:15
   Hell (visited)             Dis (7/7) Hell            Geh (7/7) Hell
    Coc (7/7) Hell            Tar (7/7) Hell            Zot (5/5) Depths:5
 Bailey (visited)           IceCv (visited)          WizLab (visited)

Altars:
Ashenzari
Cheibriados
Dithmenos
Elyvilon
Fedhas
Gozag
Hepliaklqana
Kikubaaqudgha
Makhleb
Nemelex Xobeh
Okawaru
Qazlal
Ru
Sif Muna
Trog
Uskayaw
Vehumet
Wu Jian
Xom
Yredelemnul
Zin
The Shining One

Shops:
D:10 *   Orc:2 :*?}(   Shoals:1 :   Snake:2 (   Snake:3 =   Vaults:1 =
Vaults:5 =[   Depths:1 (

Portals:
Hell: Depths:1 Depths:2 Depths:3 Depths:4 Depths:5
Abyss: Depths:1 Depths:3 Depths:4
Pandemonium: Depths:1 Depths:3
Ziggurat: Depths:4


Innate Abilities, Weirdness & Mutations

You have hooves in place of feet.
Armour fits poorly on your strangely shaped body.
You cover ground very quickly.
You have extremely tough skin. (AC +3)
Your flesh is heat resistant. (rF+)
Your magical capacity is low. (-10% MP)
Your muscles are strong. (Str +2)
You evolve.


Message History

Inscribe which item? (? for menu, Esc to quit)
Replace inscription with what?
FROSTY BPOP FRIDAY & PLAYING ON CAO BRB :D Saving game... please wait.
Welcome back, Bowmetheus the Centaur Hunter.
The Shining One says: Lead the forces of light to victory!
Press ? for a list of commands and other information.
Enter note:
Enter note: GREAT RUN! :D
Enter note: WEARING KRYIA'S MAIL COAT FOR MOST OF THE GAME WAS OK, 37 AC WAS TOUGHER FOR THE RUNES AFTER MAIN GAME
Okay, then.
Enter note: GOOD RINGS IN V5, FIRESTARTER IN GEH, GOOD ART PLATE IN T3
Enter note: GOOD ART ACRO INSTEAD OF FAITH WAS SITUATIONAL IN BOTH OKRA BUFFS AND GIFTS, BUT OK!
Enter note: GAME 4 OF STREAK!!! :D You can't go up here!
There is a staircase leading out of the dungeon here.
You hear a grinding noise.
You hear a grinding noise.
You have escaped!

....#....# #.#..........#.....#..
....#....# #.#..........#.....#..
.........# #.#..........'.....'..
.........# #...........##.....#..
..##.....#####.##########.....#..
...............# #######.#
...#.########### #..
...#.########.#################..
##.#.#.#.....#..@.....#..#....#..
##.#.#.#..#..#.....#..........#..
##.#...#..#..#.....#..#..#..#....
##.#.............................
##.#.#.......#..#.)#..#..#..#.#..
...#.#.#..#.....#..#.....#..#.#..
##.#.##########.###############..
####.##########3###############.#
.....................>)..........


You could see a sun demon (wandering).

Vanquished Creatures
  Cerebov (Pan)
  the Royal Jelly (Slime:5)
  Ereshkigal (Tar:7)
  the Serpent of Hell (Tar:7)
  Gloorx Vloq (Pan)
  Mnoleg (Pan)
  Khufu (Crypt:2)
  9 ancient liches
  5 orbs of fire
  The ghost of Beclu the Imperceptible, a legendary GnSk of Dithmenos (Zot:3)
  3 juggernauts
  30 greater mummies
  Boris (Tomb:2)
  Saint Roka (Vaults:5)
  Bai Suzhen (Crypt:3)
  2 Killer Klowns (Zot:5)
  8 shard shrikes
  Frederick (Crypt:3)
  3 caustic shrikes
  Geryon (Hell)
  4 pandemonium lords (Pan)
  A profane servitor (Abyss:1)
  12 golden dragons
  4 electric golems
  4 doom hounds
  15 bone dragons
  3 iron giants
  28 Brimstone Fiends
  3 hellephants
  19 Tzitzimimeh
  19 Ice Fiends
  Rupert (D:14)
  8 Hell Sentinels
  21 tentacled monstrosities
  22 liches
  8 quicksilver dragons
  26 Orb Guardians
  11 deep elf master archers
  23 titans
  6 deep elf blademasters
  23 tentacled starspawn
  20 acid blobs
  Polyphemus (Shoals:2)
  17 ancient champions
  8 krakens
  33 Executioners
  3 eldritch tentacles
  18 shadow dragons
  9 death cobs
  9 sphinxes
  The ghost of billz999 the Severer, an adept DsFi of Makhleb (Shoals:2)
  7 tengu reavers
  Kirke (Shoals:4)
  17 storm dragons
  A shadow dragon (shapeshifter) (Depths:2)
  2 daevas
  10 nagarajas
  6 draconian monks
  4 revenants
  5 iron dragons
  20 fire giants
  11 azure jellies
  Ilsuiw (Shoals:2)
  11 frost giants
  A fire giant (shapeshifter) (Vaults:2)
  4 ghost moths
  The ghost of jujuben the Executioner, a journeyman HOGl of Okawaru (Orc:1)
  42 balrugs
  10 draconian knights
  2 curse skulls
  12 draconian scorchers
  10 vault wardens
  A juggernaut zombie (Depths:3)
  9 draconian shifters
  3 warmongers (Pan)
  15 cacodemons
  7 ghouls
  Louise (Depths:3)
  8 deep elf sorcerers
  Aizul (Snake:1)
  9 draconian stormcallers
  9 deep elf elementalists
  2 juggernaut skeletons (Crypt:1)
  63 reapers
  12 ironheart preservers
  5 elemental wellsprings
  23 stone giants
  9 draconian annihilators
  16 war gargoyles
  23 very ugly things
  15 green draconians
  6 deep elf demonologists
  2 bennus (Tomb:1)
  2 blood saints (Pan)
  5 corrupters (Pan)
  7 vampire knights
  Azrael (Snake:2)
  11 black draconians
  6 black suns (Pan)
  19 yellow draconians
  16 lorocyprocas (Pan)
  15 red draconians
  17 white draconians
  4 spark wasps
  14 deep elf annihilators
  9 statues (WizLab)
  27 purple draconians
  21 mummy priests
  3 merfolk javelineers
  24 blizzard demons
  6 eidola
  12 ettins
  4 quicksilver dragon zombies
  4 jiangshi
  17 crystal guardians
  10 green deaths
  10 fire dragons
  Josephine (Orc:2)
  21 death oozes
  4 kraken zombies
  3 deep elf death magi
  5 deep elf high priests
  8 merfolk impalers
  14 yaktaur captains
  12 great orbs of eyes
  2 hydras
  7 quicksilver dragon skeletons
  29 ice dragons
  10 rakshasas
  2 hell beasts
  2 alligator snapping turtles (Shoals:4)
  31 vault guards
  2 monstrous demonspawn (Pan)
  17 naga warriors
  9 centaur warriors
  3 spriggan air magi
  A catoblepas (Shoals:2)
  4 merfolk avatars
  A two-headed ogre (shapeshifter) (Depths:2)
  5 merfolk aquamancers
  A satyr (Shoals:4)
  12 anacondas
  49 dancing weapons
  5 deep troll shamans
  4 death knights
  33 two-headed ogres
  7 death yaks
  2 vampire magi
  26 death scarabs
  36 hell hogs
  13 ogre magi
  8 deep troll earth magi
  3 tengu warriors
  2 spriggan berserkers (Depths:5)
  5 titan zombies
  4 iron golems
  9 naga sharpshooters
  11 shock serpents
  2 orc high priests (Orc:2)
  26 thrashing horrors
  11 storm dragon zombies
  75 sun demons
  30 deep elf knights
  12 titan skeletons
  146 skeletal warriors
  51 soul eaters
  14 shadow wraiths
  16 wretched stars
  An iron troll (Depths:5)
  17 sixfirhies
  5 ghost moth zombies
  80 hell knights
  92 large abominations
  2 death drakes
  34 deep trolls
  10 golden dragon zombies
  2 salamander mystics
  12 unseen horrors
  14 storm dragon skeletons
  A deep troll (shapeshifter) (Depths:2)
  4 spatial maelstroms
  7 wizards
  22 sea snakes
  5 gelid demonspawn (Pan)
  17 glowing orange brains
  26 shadow demons
  5 anaconda zombies
  3 golden dragon skeletons
  9 flayed ghosts
  5 naga ritualists
  3 obsidian statues (Depths:2)
  8 infernal demonspawn (Pan)
  7 torturous demonspawn (Pan)
  13 ironbrand convokers
  14 anaconda skeletons
  8 shadow dragon zombies
  28 deep elf archers
  A kraken simulacrum (Shoals:4)
  16 orc knights
  17 phantasmal warriors
  37 necromancers
  5 iron dragon zombies
  11 stone giant zombies
  2 wolf spiders (shapeshifter)
  2 mana vipers (shapeshifter)
  17 harpies
  4 shining eyes
  98 deep elf magi
  6 wolf spiders
  11 mana vipers
  An orb spider (shapeshifter) (Vaults:4)
  4 fauns
  3 shadow dragon skeletons
  8 orc sorcerers
  7 wolf spider zombies
  23 ugly things
  12 fire giant zombies
  An orb spider (Abyss:1)
  8 salamanders
  6 cyclopes
  2 manticores (shapeshifter)
  A tengu skeleton (Depths:1)
  8 frost giant zombies
  2 shock serpent zombies
  A sphinx skeleton (Depths:1)
  11 iron dragon skeletons
  6 frost giant skeletons
  21 moths of wrath
  A moth of wrath (shapeshifter) (Vaults:2)
  7 fire giant skeletons
  13 elephants
  11 guardian serpents
  7 worldbinders
  An ice statue (IceCv)
  13 manticores
  A guardian serpent (shapeshifter) (Vaults:5)
  5 water nymphs
  5 gargoyles
  3 titan simulacra (Coc:7)
  3 dire elephant zombies
  13 stone giant skeletons
  6 apocalypse crabs
  24 naga magi
  2 shock serpent skeletons
  2 eyes of devastation
  29 black mambas
  10 merfolk sirens
  24 orange demons
  4 human skeletons
  2 black mambas (shapeshifter)
  2 minotaur zombies
  14 molten gargoyles
  16 vault sentinels
  80 smoke demons
  2 kobold demonologists
  4 storm dragon simulacra
  7 spiny frogs
  2 spiny frogs (shapeshifter)
  5 spectral swamp worms (Tar:7)
  4 dire elephant skeletons
  6 komodo dragons
  44 rust devils
  A yaktaur (shapeshifter) (Vaults:3)
  A rime drake (shapeshifter) (D:15)
  5 catoblepas zombies
  An elf skeleton (Depths:3)
  A golden dragon simulacrum (IceCv)
  61 hellions
  A minotaur skeleton (Pan)
  21 hellwings
  A rime drake (Lair:6)
  3 tengu conjurers
  50 tormentors
  21 efreet
  34 freezing wraiths
  5 anaconda simulacra
  3 emperor scorpion zombies
  14 demonic crawlers (Pan)
  22 yaktaurs
  41 ice devils
  29 guardian mummies
  51 red devils
  2 merfolk (shapeshifter)
  17 ancient zymes
  3 harpy zombies
  2 catoblepas skeletons
  26 hydra zombies
  19 merfolk
  A silent spectre (Tar:7)
  10 trolls
  5 meliai
  5 hornets
  13 wind drakes
  A tyrant leech (shapeshifter) (Vaults:5)
  A wind drake (shapeshifter) (Vaults:4)
  8 alligator zombies
  A hornet (shapeshifter) (Abyss:3)
  3 polar bears (Lair:6)
  6 ice dragon zombies
  2 bog bodies (Crypt:2)
  9 snapping turtles
  7 blink frogs
  11 dream sheep
  2 harpy skeletons
  Grinder (D:3)
  43 raiju
  68 slime creatures
  6 hydra skeletons
  A deep troll zombie (Depths:1)
  10 ettin zombies
  11 hippogriffs
  3 human simulacra
  2 hippogriffs (shapeshifter)
  7 fire dragon zombies
  An iron dragon simulacrum (Depths:3)
  A dream sheep (shapeshifter) (Vaults:5)
  168 flying skulls
  7 fire dragon skeletons
  14 ettin skeletons
  7 alligator skeletons
  A black mamba zombie (Tar:6)
  2 spriggans (shapeshifter)
  13 ice dragon skeletons
  6 air elementals
  12 spriggans (Lair:6)
  39 shadows
  A wyvern (Lair:3)
  27 ynoxinuls
  A redback (shapeshifter) (Abyss:3)
  2 dire elephant simulacra
  28 ushabtiu
  15 fire bats
  39 water elementals
  43 wraiths
  5 golden eyes (Slime:2)
  36 yaks
  A vampire (D:10)
  A fire bat (shapeshifter) (Abyss:3)
  46 fire elementals
  2 basilisks (Lair:2)
  A tarantella (shapeshifter) (Vaults:1)
  23 chaos spawn
  A black mamba skeleton (Coc:1)
  9 hungry ghosts
  A death yak simulacrum (IceCv)
  21 neqoxecs
  10 vampire mosquitoes
  7 spatial vortices
  4 harpy simulacra
  4 wargs
  An emperor scorpion simulacrum (Hell)
  3 insubstantial wisps (Depths:2)
  50 small abominations
  A merfolk zombie (Geh:4)
  61 nagas
  An acid dragon (D:14)
  6 iron troll simulacra (IceCv)
  A swamp worm (shapeshifter) (Depths:4)
  3 merfolk skeletons
  54 hell hounds
  An acid dragon (shapeshifter) (Depths:4)
  12 water moccasins
  9 porcupines
  11 hydra simulacra
  10 spiny frog zombies
  A floating eye (Depths:4)
  5 sky beasts
  34 orc warriors
  6 black bears
  2 ettin simulacra (IceCv)
  9 snapping turtle zombies
  3 swamp dragon zombies
  A swamp drake (shapeshifter) (Depths:3)
  11 ice beasts
  A lindwurm zombie (Crypt:2)
  4 spiny frog skeletons
  9 eyes of draining
  5 phantoms
  2 manticore zombies
  21 wolves
  35 necrophages
  An eye of draining (shapeshifter) (Depths:2)
  2 swamp dragon skeletons
  20 boggarts
  3 manticore skeletons
  41 ogres
  26 centaurs
  8 crocodiles
  7 snapping turtle skeletons
  A hippogriff zombie (Crypt:1)
  16 bullfrogs
  Blork the orc (Orc:2)
  14 earth elementals
  An elf zombie (Dis:2)
  7 big kobolds
  A gnoll sergeant (Orc:2)
  4 spiny frog simulacra
  7 scorpions
  A swamp dragon simulacrum (IceCv)
  2 spriggan zombies
  9 killer bees
  A troll zombie (Crypt:3)
  91 wights
  A polar bear skeleton (Crypt:2)
  9 electric eels
  6 howler monkeys
  12 crimson imps
  5 centaur zombies
  10 quasits
  58 starcursed masses
  2 bullfrog zombies (D:10)
  4 draconian simulacra (IceCv)
  3 hounds
  7 human zombies
  6 jellies
  20 orc priests
  25 orc wizards
  23 iron imps
  Jessica (D:2)
  5 hell rats
  4 iguanas
  Terence (D:3)
  5 troll simulacra (IceCv)
  4 worker ants
  A wolf simulacrum (IceCv)
  2 spriggan simulacra (IceCv)
  2 naga zombies
  4 centaur simulacra (IceCv)
  2 tengu zombies
  An ogre skeleton (Abyss:1)
  3 hound zombies
  A hound skeleton (D:5)
  45 mummies
  A scorpion zombie (Crypt:1)
  2 worker ant zombies
  14 adders
  2 gnolls (Bailey)
  An ogre simulacrum (IceCv)
  A swamp drake zombie (Crypt:1)
  2 naga simulacra (IceCv)
  A steam dragon zombie (Crypt:2)
  10 shadow imps
  32 white imps
  9 ufetubi
  2 oozes
  A lava snake zombie (Crypt:2)
  An adder skeleton (D:4)
  4 worms
  6 ball lightnings (Depths:2)
  5 leopard geckos
  87 orcs
  9 bats
  5 giant cockroaches
  14 goblins
  6 hobgoblins
  10 jackals
  7 quokkas
  2 frilled lizards
  A frilled lizard skeleton (Crypt:1)
  A gnoll skeleton (Crypt:2)
  27 kobolds
  A kobold zombie (Tar:7)
  A leopard gecko zombie (Crypt:2)
  An orc zombie (D:11)
  A quokka skeleton (D:7)
  3 quokka zombies
  6 rats
  A bush (D:15)
  A crawling corpse (Elf:3)
  2 fire vortices (Geh:2)
  2 fungi (Lair:6)
  3 lurking horrors
  5 plants
  23 starspawn tentacles
  29 tentacles
5640 creatures vanquished.

Vanquished Creatures (collateral kills)
  Antaeus (Coc:7)
  Asmodeus (Geh:7)
  Lom Lobon (Pan)
  Dispater (Dis:7)
  A pandemonium lord (Pan)
  Mennas (Tomb:1)
  4 greater mummies
  A Tzitzimitl (Dis:7)
  2 Brimstone Fiends
  A hellephant (Abyss:3)
  An Ice Fiend (Dis:7)
  2 Hell Sentinels (Dis:7)
  A lich (Pan)
  2 quicksilver dragons (Dis:7)
  3 Executioners (Pan)
  A tentacled starspawn (Abyss:3)
  A sphinx (Tomb:1)
  3 ancient champions
  A fire giant (Crypt:3)
  2 cacodemons
  6 reapers
  5 war gargoyles (Dis:7)
  A starcursed mass (Abyss:3)
  A bennu (Tomb:3)
  3 mummy priests
  A green death (Dis:7)
  2 merfolk impalers (Shoals:4)
  A great orb of eyes (Abyss:4)
  2 vault guards (Vaults:5)
  A spectral kraken (Tar:7)
  A rakshasa (Pan)
  A monstrous demonspawn (Pan)
  6 death scarabs
  2 dancing weapons (Dis:7)
  3 thrashing horrors (Abyss:3)
  5 soul eaters
  A sun demon (Pan)
  5 sixfirhies
  2 storm dragon zombies
  2 hell knights (Dis:7)
  7 skeletal warriors
  An infernal demonspawn (Pan)
  A spatial maelstrom (Abyss:4)
  An anaconda zombie (Dis:4)
  A wizard (Pan)
  2 unseen horrors (Abyss:3)
  A deep elf archer (Crypt:1)
  A frost giant zombie (Dis:7)
  3 necromancers
  4 large abominations
  An iron dragon zombie (Dis:7)
  A shining eye (Pan)
  A worldbinder (Abyss:3)
  A frost giant skeleton (Tomb:2)
  2 rust devils (Dis:7)
  An apocalypse crab (Abyss:3)
  A titan simulacrum (Coc:7)
  10 smoke demons (Pan)
  2 spectral swamp worms (Tar:7)
  2 hellions (Dis:7)
  2 freezing wraiths
  4 guardian mummies
  3 ice devils
  An ancient zyme (Abyss:3)
  A tormentor (Dis:7)
  A demonic crawler (Pan)
  2 hellwings (Pan)
  A red devil (Pan)
  A hornet (shapeshifter) (Abyss:3)
  A tyrant leech (shapeshifter) (Abyss:3)
  4 raiju
  2 fire dragon zombies (Dis:7)
  7 flying skulls
  An ettin skeleton (Abyss:3)
  4 ushabtiu
  A chaos spawn (Abyss:5)
  A hungry ghost (D:7)
  2 neqoxecs (Pan)
  3 spatial vortices
  A hell hound (Dis:7)
  An ice beast (Coc:7)
  A necrophage (Tar:6)
  A swamp dragon skeleton (Abyss:3)
  5 mummies
  A kobold skeleton (Crypt:1)
  A starspawn tentacle (Abyss:3)
  A tentacle (Tar:7)
180 creatures vanquished.

Vanquished Creatures (others)
  A tentacled monstrosity (Vaults:5)
  An eldritch tentacle (Pan)
  A draconian knight (Zot:1)
  A draconian scorcher (Depths:5)
  An elemental wellspring (Coc:7)
  A vampire knight (Crypt:3)
  3 hell hogs
  A death yak (Lair:6)
  An orc high priest (Orc:2)
  A deep elf knight (Elf:1)
  A skeletal warrior (D:13)
  A spriggan rider (Lair:6)
  A sixfirhy (Pan)
  A hell knight (Geh:2)
  2 large abominations
  A storm dragon zombie (Geh:7)
  A glowing orange brain (Abyss:2)
  An unseen horror (D:10)
  An orc knight (Orc:2)
  A deep elf mage (WizLab)
  A cyclops (D:15)
  A manticore (D:15)
  2 ugly things (D:14)
  An elephant (Lair:4)
  A molten gargoyle (Depths:2)
  2 spiny frogs
  A hellion (Geh:7)
  A komodo dragon (shapeshifter) (D:13)
  An ancient zyme (Abyss:2)
  A rime drake (Lair:4)
  A merfolk (Shoals:1)
  A meliai (D:13)
  A polar bear (Lair:6)
  A slime creature (D:14)
  A snapping turtle (shapeshifter) (D:15)
  2 flying skulls (Coc:7)
  2 water elementals
  2 shadows
  A spriggan (Lair:6)
  A wraith (Geh:4)
  4 yaks
  A human (Shoals:4)
  A basilisk (Lair:5)
  4 dancing weapons
  A naga (Snake:3)
  2 wargs (Orc:2)
  3 hell hounds
  2 orc warriors
  An ogre (D:5)
  3 wolves
  A bullfrog (D:7)
  2 wights
  An electric eel (Snake:2)
  2 howler monkeys (D:12)
  A crimson imp (Abyss:3)
  2 centaur zombies
  A quasit (D:11)
  An orc priest (Orc:2)
  2 human zombies (D:11)
  A human skeleton (D:11)
  A bullfrog skeleton (D:5)
  A worker ant (D:10)
  A mummy (Tomb:1)
  16 ball lightnings
  2 orcs
  12 bushes
  3 fire vortices (Pan)
  33 fungi
  4 lurking horrors
  34 plants
  48 starspawn tentacles
  195 tentacles
  A withered plant (Tar:6)
435 creatures vanquished.

Grand Total: 6255 creatures vanquished

Notes
Turn   | Place    | Note
-------+----------+-------------------------------------------
     0 | D:1      | Bowmetheus the Centaur Hunter began the quest for the Orb.
     0 | D:1      | Reached XP level 1. HP: 17/17 MP: 1/1
   387 | D:1      | Reached XP level 2. HP: 24/24 MP: 2/2
   931 | D:1      | Reached skill level 5 in Crossbows
  1206 | D:2      | Noticed an orc warrior
  1266 | D:1      | Reached XP level 3. HP: 30/30 MP: 3/3
  1663 | D:2      | Noticed Jessica
  1952 | D:2      | Killed Jessica
  1952 | D:2      | Reached XP level 4. HP: 36/38 MP: 4/4
  2009 | D:2      | Killed an orc warrior
  2009 | D:2      | Reached XP level 5. HP: 45/45 MP: 5/5
  2175 | D:2      | Found a stormy altar of Qazlal.
  2618 | D:3      | Noticed Grinder
  2738 | D:3      | Noticed Terence
  2766 | D:3      | Killed Terence
  3446 | D:3      | Reached XP level 6. HP: 51/52 MP: 6/6
  4030 | D:4      | Found a sacrificial altar of Ru.
  4030 | D:4      | Found a basalt altar of Yredelemnul.
  4031 | D:4      | Found a bloodstained altar of Trog.
  4506 | D:5      | Entered Level 5 of the Dungeon
  4567 | D:5      | Noticed a sky beast
  4864 | D:4      | Reached skill level 1 in Axes
  5280 | D:4      | Reached XP level 7. HP: 60/60 MP: 7/7
  5575 | D:4      | Found a bloodstained altar of Trog.
  5575 | D:4      | Found a basalt altar of Yredelemnul.
  5576 | D:4      | Found a sacrificial altar of Ru.
  5807 | D:5      | Reached skill level 1 in Armour
  6592 | D:5      | Found a sparkling altar of Nemelex Xobeh.
  6747 | D:5      | Found a staircase to the Ecumenical Temple.
  6760 | Temple   | Entered the Ecumenical Temple
  6768 | Temple   | Became a worshipper of Warmaster Okawaru
  7062 | D:5      | Reached skill level 5 in Fighting
  7062 | D:5      | Reached XP level 8. HP: 47/68 MP: 8/8
  7313 | D:6      | Reached skill level 1 in Invocations
  7625 | D:6      | Reached * piety under Okawaru
  7758 | D:6      | Found a radiant altar of Vehumet.
  8676 | D:7      | Reached skill level 5 in Axes
  8908 | D:7      | Reached XP level 9. HP: 74/75 MP: 11/11
  9053 | D:7      | Found a radiant altar of Vehumet.
  9073 | D:7      | You fall into a shaft and drop 2 floors!
  9231 | D:7      | Reached ** piety under Okawaru
  9754 | D:8      | Found a shattered altar of Ashenzari.
  9754 | D:8      | Found a hide-covered altar of Uskayaw.
  9817 | D:8      | Got a brightly glowing leather armour
 10069 | D:8      | Found a blossoming altar of Fedhas.
 10219 | D:8      | Identified the cursed +0 leather armour of the Blacksmith
                  | {rCorr} (You found it on level 8 of the Dungeon)
 10881 | D:9      | Found a shadowy altar of Dithmenos.
 11273 | D:10     | Entered Level 10 of the Dungeon
 11540 | D:10     | Noticed an unseen horror
 11596 | D:10     | Reached *** piety under Okawaru
 11880 | D:10     | Reached XP level 10. HP: 63/83 MP: 13/13
 11903 | D:10     | Received a gift from Okawaru
 12090 | D:10     | Reached skill level 5 in Invocations
 12466 | D:10     | Found Zaesetor's General Store.
 12582 | D:10     | Banished an unseen horror
 13506 | D:11     | Reached **** piety under Okawaru
 13812 | D:11     | Found a staircase to the Lair.
 14041 | D:11     | Noticed a brown ugly thing
 14056 | D:11     | Killed a brown ugly thing
 14228 | D:11     | Found an ancient bone altar of Kikubaaqudgha.
 14306 | D:11     | Received a gift from Okawaru
 14488 | Lair:1   | Entered Level 1 of the Lair of Beasts
 14879 | Lair:1   | Reached XP level 11. HP: 93/93 MP: 15/15
 15099 | Lair:1   | Reached ***** piety under Okawaru
 15099 | Lair:1   | Received a gift from Okawaru
 15587 | Lair:1   | Received a gift from Okawaru
 16220 | Lair:2   | Reached skill level 5 in Armour
 16220 | Lair:2   | Reached skill level 5 in Dodging
 16683 | Lair:2   | Noticed an eight-headed hydra
 16755 | Lair:2   | Killed a ten-headed hydra
 18248 | Lair:3   | Received a gift from Okawaru
 18279 | Lair:3   | Received a gift from Okawaru
 18418 | Lair:3   | Reached skill level 10 in Axes
 19093 | Lair:4   | Found a blossoming altar of Fedhas.
 19281 | Lair:4   | Found a staircase to the Shoals.
 19362 | Lair:4   | Reached XP level 12. HP: 93/103 MP: 17/17
 19745 | Lair:4   | Found a staircase to the Snake Pit.
 19931 | Lair:4   | Received a gift from Okawaru
 20791 | Lair:5   | Noticed a six-headed hydra
 20907 | Lair:5   | Reached XP level 13. HP: 112/112 MP: 19/19
 21898 | Lair:6   | Entered Level 6 of the Lair of Beasts
 21946 | Lair:6   | Found a staircase to the Slime Pits.
 22008 | Lair:6   | Paralysed by a hornet for 1 turns
 22558 | Lair:6   | Reached skill level 10 in Fighting
 22842 | Lair:6   | Received a gift from Okawaru
 23598 | Lair:6   | Received a gift from Okawaru
 23598 | Lair:6   | Reached XP level 14. HP: 109/121 MP: 18/21
 25031 | D:3      | Killed Grinder
 25031 | D:3      | Reached skill level 10 in Invocations
 25774 | D:12     | Found a flagged portal.
 25814 | Bailey   | Entered a bailey
 26020 | Bailey   | Got a transparent cloak
 26021 | Bailey   | Identified the +1 cloak of Motac {rElec rC+ Int+2} (You
                  | found it in a bailey)
 26635 | D:12     | Found a staircase to the Orcish Mines.
 26877 | Orc:1    | Entered Level 1 of the Orcish Mines
 27107 | Orc:1    | Found a large runed translucent door.
 27107 | Orc:1    | Found a large runed translucent door.
 27129 | Orc:1    | Noticed jujuben's ghost (journeyman HOGl)
 27162 | Orc:2    | Entered Level 2 of the Orcish Mines
 27173 | Orc:2    | Reached skill level 1 in Evocations
 27360 | Orc:2    | Noticed Blork the orc
 27369 | Orc:2    | Killed Blork the orc
 27407 | Orc:2    | Found Dyboyd's Book Shop.
 27539 | Orc:2    | Noticed Josephine
 27556 | Orc:2    | Killed Josephine
 27636 | Orc:2    | Found a staircase to the Elven Halls.
 28818 | Orc:2    | Paralysed by an orc sorcerer for 4 turns
 29157 | Orc:2    | Paralysed by an orc sorcerer for 3 turns
 29435 | Orc:2    | Found Folunt's General Store.
 29484 | Orc:2    | Found Hyzxaan's Magic Scroll Boutique.
 29532 | Orc:2    | Found Gokkoits's Antique Weapon Emporium.
 29532 | Orc:2    | Found Baut's Gadget Boutique.
 29937 | Orc:2    | Bought a scroll of magic mapping for 52 gold pieces
 29937 | Orc:2    | Bought a scroll of enchant weapon for 112 gold pieces
 29937 | Orc:2    | Bought a scroll of enchant armour for 112 gold pieces
 29937 | Orc:2    | Bought a scroll of summoning for 142 gold pieces
 29937 | Orc:2    | Bought a scroll of teleportation for 45 gold pieces
 29937 | Orc:2    | Bought a scroll of fear for 52 gold pieces
 29937 | Orc:2    | Bought a scroll of identify for 30 gold pieces
 29937 | Orc:2    | Bought a scroll of enchant weapon for 112 gold pieces
 29937 | Orc:2    | Bought a scroll of identify for 30 gold pieces
 30475 | D:13     | Reached skill level 10 in Crossbows
 30501 | D:13     | Received a gift from Okawaru
 30667 | D:13     | Found a portal to a secret trove of treasure.
 30750 | D:13     | Received a gift from Okawaru
 30919 | D:13     | Reached XP level 15. HP: 115/127 MP: 22/22
 31371 | D:14     | Noticed Rupert
 31421 | D:14     | Killed Rupert
 31421 | D:14     | Received a gift from Okawaru
 31839 | D:14     | Found a gate to the Vaults.
 32598 | D:15     | Entered Level 15 of the Dungeon
 33819 | D:15     | Found a staircase to the Depths.
 34131 | D:15     | Noticed a quicksilver dragon
 34131 | D:15     | a quicksilver dragon changed into an iron troll
 34132 | D:15     | Noticed a frost giant
 34132 | D:15     | an iron troll changed into a frost giant
 34141 | D:15     | Banished a frost giant
 34435 | Shoals:1 | Entered Level 1 of the Shoals
 34457 | Shoals:1 | Noticed a kraken
 35146 | Lair:3   | Gained mutation: You are dopey. (Int -2) [mutagenic glow]
 35489 | Shoals:1 | Found Kauck's Book Emporium.
 35508 | Shoals:1 | Reached ****** piety under Okawaru
 36111 | Shoals:1 | Received a gift from Okawaru
 37642 | Shoals:1 | Killed a kraken
 37694 | Shoals:2 | Found a runed translucent gate.
 37694 | Shoals:2 | Found a runed translucent gate.
 37694 | Shoals:2 | Found a runed translucent gate.
 37703 | Shoals:2 | Noticed billz999's ghost (adept DsFi)
 37710 | Shoals:2 | Noticed Ilsuiw
 37744 | Shoals:2 | Killed Ilsuiw
 37744 | Shoals:2 | Received a gift from Okawaru
 38401 | Shoals:2 | Noticed a kraken
 38828 | Shoals:2 | Killed a kraken
 38858 | Shoals:2 | Reached XP level 16. HP: 109/140 MP: 23/23
 38907 | Shoals:2 | Noticed Polyphemus
 39790 | Shoals:2 | Received a gift from Okawaru
 39791 | Shoals:2 | Found the +7 Kryia's mail coat {PotionHeal*2 rC+}
 40118 | Lair:1   | Learned a level 4 spell: Summon Lightning Spire
 40122 | Lair:1   | Learned a level 3 spell: Tukima's Dance
 40126 | Lair:1   | Learned a level 3 spell: Confuse
 40130 | Lair:1   | Learned a level 3 spell: Call Canine Familiar
 40133 | Lair:1   | Learned a level 2 spell: Blink
 41050 | Shoals:3 | Reached skill level 1 in Hexes
 41206 | Shoals:3 | Reached skill level 1 in Translocations
 41258 | Shoals:3 | Noticed a kraken
 41346 | Shoals:3 | Reached skill level 1 in Spellcasting
 41363 | Shoals:3 | Learned a level 1 spell: Corona
 41855 | Shoals:3 | Killed a kraken
 42183 | Snake:1  | Entered Level 1 of the Snake Pit
 42252 | Snake:1  | Noticed Aizul
 42277 | Snake:1  | Killed Aizul
 42607 | Snake:1  | Found a frozen archway.
 42618 | IceCv    | Entered an ice cave
 44412 | IceCv    | Received a gift from Okawaru
 44460 | IceCv    | Identified the +1 robe of the Pits of Slime {Slay+3} (You
                  | found it in an ice cave)
 44738 | Orc:2    | Bought a book of Beasts for 770 gold pieces
 44738 | Orc:2    | Bought a book of Cantrips for 280 gold pieces
 44738 | Orc:2    | Bought a book of the Warp for 1260 gold pieces
 44798 | Lair:1   | Learned a level 3 spell: Portal Projectile
 44953 | Snake:1  | Received a gift from Okawaru
 46222 | Snake:2  | Found Lowafirgh's Weapon Emporium.
 46461 | Snake:2  | Noticed Azrael
 46474 | Snake:2  | Killed Azrael
 47162 | Snake:2  | Reached XP level 17. HP: 119/149 MP: 24/24
 47302 | Snake:2  | Received a gift from Okawaru
 47490 | Snake:2  | Identified the +2 helmet of Boheasitt {rCorr} (You found it
                  | on level 2 of the Snake Pit)
 47542 | Snake:2  | You fall into a shaft and drop 1 floor!
 47805 | Snake:3  | Found Ceowishro's Jewellery Boutique.
 47963 | Snake:3  | Found a transporter.
 48913 | Lair:1   | Learned a level 1 spell: Summon Butterflies
 48915 | Lair:1   | Learned a level 1 spell: Apportation
 49140 | Snake:2  | Received a gift from Okawaru
 49214 | Snake:2  | Found an ancient bone altar of Kikubaaqudgha.
 49519 | Snake:3  | Found a transporter.
 49870 | Snake:3  | Received a gift from Okawaru
 49934 | Snake:4  | Entered Level 4 of the Snake Pit
 50688 | Snake:4  | Reached skill level 5 in Hexes
 50741 | Snake:4  | Reached skill level 5 in Translocations
 51622 | Snake:4  | Reached skill level 15 in Crossbows
 52988 | Snake:4  | Received a gift from Okawaru
 53278 | Snake:4  | Reached XP level 18. HP: 140/159 MP: 23/25
 53649 | Snake:4  | Reached skill level 5 in Spellcasting
 54118 | Snake:4  | Received a gift from Okawaru
 54163 | Snake:4  | Got a serpentine rune of Zot
 54518 | Shoals:4 | Entered Level 4 of the Shoals
 54920 | Shoals:4 | Received a gift from Okawaru
 55668 | Shoals:4 | Identified the +7 short sword of the Scorpion {flame, MR+
                  | Int+4 Dex+5 Stlth-}
 56674 | Shoals:2 | Killed Polyphemus
 56930 | Shoals:4 | Got a barnacled rune of Zot
 57497 | Shoals:4 | Noticed Kirke
 58197 | Shoals:4 | Killed Kirke
 58436 | Shoals:4 | Received a gift from Okawaru
 60040 | Vaults:1 | Entered Level 1 of the Vaults
 60414 | Vaults:1 | Reached skill level 1 in Summonings
 60740 | D:10     | Bought a scroll of enchant armour for 90 gold pieces
 60862 | Orc:2    | Bought a scroll of enchant weapon for 105 gold pieces
 61915 | Vaults:1 | Reached XP level 19. HP: 163/168 MP: 28/28
 62189 | Vaults:1 | Found Kupoib Onihu's Jewellery Emporium.
 63261 | Vaults:1 | Received a gift from Okawaru
 64086 | Vaults:2 | Received a gift from Okawaru
 65389 | Vaults:2 | Paralysed by an ogre mage for 5 turns
 66102 | Vaults:2 | Reached skill level 1 in Air Magic
 66143 | Vaults:2 | Received a gift from Okawaru
 66235 | Vaults:2 | Found a staircase to the Crypt.
 66828 | Vaults:2 | Reached skill level 15 in Fighting
 67385 | Vaults:3 | Received a gift from Okawaru
 68057 | Vaults:3 | Received a gift from Okawaru
 68060 | Vaults:3 | Identified the +6 battleaxe "Masavaso" {flame, *Drain rElec
                  | Int+4 Stlth+} (Okawaru gifted it to you on level 3 of the
                  | Vaults)
 68852 | Vaults:3 | Reached XP level 20. HP: 178/178 MP: 30/30
 69162 | Vaults:3 | Reached skill level 5 in Summonings
 69565 | Vaults:3 | Received a gift from Okawaru
 69568 | Vaults:3 | Identified the +8 broad axe of the Endless March {chop,
                  | rElec MR- Int-5 SInv} (Okawaru gifted it to you on level 3
                  | of the Vaults)
 72784 | Orc:1    | Killed jujuben's ghost
 72890 | Elf:1    | Entered Level 1 of the Elven Halls
 72900 | Elf:1    | Received a gift from Okawaru
 73445 | Vaults:1 | Bought the ring of the Ancient Blessings {rElec rF+ MP+9}
                  | for 820 gold pieces
 74626 | Elf:1    | Identified the Collected Works on Confrontation
 75706 | Elf:2    | Found a runed translucent gate.
 75706 | Elf:2    | Found a runed translucent gate.
 75707 | Elf:2    | Found a runed translucent gate.
 76890 | Elf:2    | Reached XP level 21. HP: 166/188 MP: 33/33
 76999 | Elf:2    | Received a gift from Okawaru
 78145 | Shoals:2 | Killed billz999's ghost
 78687 | Depths:1 | Entered Level 1 of the Depths
 78720 | Depths:1 | Reached skill level 15 in Axes
 79112 | Depths:1 | Found Qorhie Geteu's Weapon Shoppe.
 79232 | Depths:1 | Found a one-way gate to the infinite horrors of the Abyss.
 79578 | Depths:1 | Found a one-way gate leading to the halls of Pandemonium.
 79719 | Depths:1 | Found a gateway to Hell.
 80013 | Depths:1 | Found Viloi's Island Escapes.
 80484 | Depths:1 | Bought a wand of digging (3) for 224 gold pieces
 80484 | Depths:1 | Bought a wand of digging (4) for 256 gold pieces
 81558 | Depths:2 | Received a gift from Okawaru
 83196 | Depths:2 | Learned a level 1 spell: Infusion
 83199 | Depths:2 | Learned a level 2 spell: Song of Slaying
 83202 | Depths:2 | Learned a level 2 spell: Shroud of Golubria
 83314 | Depths:2 | Reached XP level 22. HP: 183/199 MP: 34/34
 83389 | Depths:2 | Got a bound glass ring
 83390 | Depths:2 | Identified the ring "Anibiam" {rElec Stlth-} (You found it
                  | on level 2 of the Depths)
 83392 | Depths:2 | Identified Jumnocah's Almanac of Clay and Displacement
 85837 | Depths:3 | Reached skill level 5 in Air Magic
 86286 | Depths:3 | Noticed Louise
 86314 | Depths:3 | Killed Louise
 86609 | Depths:3 | Received a gift from Okawaru
 86747 | Depths:3 | Received a gift from Okawaru
 86759 | Depths:3 | Identified the Volume of Cankerous Ice
 86761 | Depths:3 | Identified Sif Muna's Grimoire of Darkness and Shape
                  | Shifting
 87646 | Depths:4 | Received a gift from Okawaru
 88476 | Depths:4 | Noticed a caustic shrike
 88493 | Depths:3 | Killed a caustic shrike
 88493 | Depths:3 | Received a gift from Okawaru
 89628 | Depths:4 | Found a gateway to a ziggurat.
 89634 | Depths:4 | Paralysed by a floating eye for 2 turns
 89740 | Depths:4 | Noticed a juggernaut
 89754 | Depths:4 | Killed a juggernaut
 89830 | Depths:4 | Noticed a golden dragon
 89837 | Depths:4 | Killed a golden dragon
 89979 | Depths:4 | Noticed a golden dragon
 89980 | Depths:4 | Noticed a golden dragon
 89985 | Depths:4 | Killed a golden dragon
 89991 | Depths:4 | Killed a golden dragon
 90312 | Depths:4 | Reached XP level 23. HP: 175/208 MP: 36/36
 90852 | Depths:4 | Noticed a juggernaut
 90873 | Depths:4 | Killed a juggernaut
 90920 | Depths:4 | Identified the Papyrus of the Entourage and the Volcanoes
 90949 | Depths:4 | Noticed a caustic shrike
 90959 | Depths:4 | Killed a caustic shrike
 91221 | Depths:4 | Received a gift from Okawaru
 91236 | Depths:4 | Noticed a caustic shrike
 91249 | Depths:4 | Killed a caustic shrike
 91701 | Depths:4 | Identified the +10 hand crossbow "Iness" {elec, SInv} (You
                  | found it on level 4 of the Depths)
 91933 | Depths:5 | Entered Level 5 of the Depths
 91971 | Depths:5 | Received a gift from Okawaru
 92229 | Depths:5 | Identified the +3 robe of the Dungeon {MR+ Str+2} (You
                  | found it on level 5 of the Depths)
 92384 | Depths:5 | Noticed a juggernaut
 92411 | Depths:5 | Killed a juggernaut
 93303 | Depths:5 | Found Zodublu's Distillery.
 93325 | Depths:5 | Bought 2 potions of might for 152 gold pieces
 93325 | Depths:5 | Bought a potion of might for 76 gold pieces
 93325 | Depths:5 | Bought a potion of lignification for 57 gold pieces
 93325 | Depths:5 | Bought a potion of curing for 57 gold pieces
 94448 | Depths:5 | Found a gate to the Realm of Zot.
 95203 | D:13     | You paid a toll of +3 shadow dragon scales to enter a
                  | treasure trove
 95204 | Trove    | Entered a treasure trove
 95210 | Trove    | Found the +1 cloak of Starlight {rElec rC+ EV+4 Stlth--}
 95217 | Trove    | Identified the +1 centaur barding of Diappel {SInv} (You
                  | found it in a treasure trove)
 95255 | Trove    | Identified the +5 centaur barding "Hilux" {*Slow Str+3
                  | Int+7} (You found it in a treasure trove)
 95284 | Trove    | Identified the +2 helmet of Indomitability {Str+3 Int+3}
                  | (You found it in a treasure trove)
 95309 | Trove    | Identified the +0 pair of gloves of Boredom {rC+} (You
                  | found it in a treasure trove)
 95312 | Trove    | Identified the +0 buckler of Anon {rElec} (You found it in
                  | a treasure trove)
 96117 | Elf:3    | Entered Level 3 of the Elven Halls
 96480 | Elf:3    | Found an ancient bone altar of Kikubaaqudgha.
 97223 | Elf:3    | Reached skill level 10 in Hexes
 97224 | Elf:3    | Found a radiant altar of Vehumet.
 97312 | Elf:3    | Received a gift from Okawaru
 97317 | Elf:3    | Identified the +1 centaur barding "Goisty Tuna" {-Cast
                  | Dex+4} (Okawaru gifted it to you on level 3 of the Elven
                  | Halls)
 97611 | Elf:3    | Identified the +6 mace of Duluex {drain, +Rage rN+ Int-5}
 97611 | Elf:3    | Identified the ring "Mimigeym" {Wiz +Fly}
 97629 | Elf:3    | Identified the +4 plate armour of the Forgotten Wonders
                  | {-Tele rCorr Str+2}
 97639 | Elf:3    | Identified the amulet of Entrepreneurial Spirit {Spirit MR+
                  | Int+2 Slay+2 Stlth-}
 97644 | Elf:3    | Identified the +13 chain mail of Grottiness {Int+7 Dex-5}
 97647 | Elf:3    | Reached XP level 24. HP: 124/217 MP: 36/36
 98516 | Elf:3    | Identified the amulet "Nohich" {Acrobat MR+ Slay+2}
 99293 | Elf:3    | Identified the Reference Book on Weightlessness and Flames
 99990 | Depths:5 | Bought a potion of haste for 190 gold pieces
 99990 | Depths:5 | Bought a potion of cancellation for 152 gold pieces
 99990 | Depths:5 | Bought a potion of heal wounds for 95 gold pieces
 99990 | Depths:5 | Bought 2 potions of haste for 380 gold pieces
100359 | Vaults:5 | Entered Level 5 of the Vaults
100363 | Vaults:5 | Reached skill level 1 in Charms
100366 | Vaults:5 | Noticed Saint Roka
100379 | Vaults:5 | Killed Saint Roka
100412 | Vaults:5 | Noticed an ancient lich
100452 | Vaults:5 | Killed an ancient lich
100452 | Vaults:5 | Received a gift from Okawaru
100473 | Vaults:5 | Received a gift from Okawaru
101419 | Vaults:5 | Identified the ring "Cokhienk" {rF+ rC+ Stlth+}
101432 | Vaults:5 | Reached skill level 10 in Spellcasting
102172 | Vaults:5 | Received a gift from Okawaru
102873 | Vaults:5 | Reached XP level 25. HP: 166/227 MP: 37/37
103546 | Vaults:5 | Found Cytus's Jewellery Shoppe.
103576 | Vaults:5 | Found Wezxon's Antique Armour Emporium.
103932 | Vaults:5 | Identified the +1 leather armour of Okawaru's Displeasure
                  | {rElec rPois} (You found it on level 5 of the Vaults)
104005 | Vaults:5 | Got a silver rune of Zot
104439 | Vaults:5 | Bought the ring of Trepidation {rPois rF+ Stlth-} for 359
                  | gold pieces
104781 | Zot:1    | Entered Level 1 of the Realm of Zot
105425 | Depths:1 | Bought a potion of invisibility for 128 gold pieces
105425 | Depths:1 | Bought a potion of invisibility for 128 gold pieces
105544 | Depths:5 | HP: 7/228 [death cob (20)]
106059 | Zot:1    | Received a gift from Okawaru
106306 | Zot:1    | Received a gift from Okawaru
107675 | Zot:1    | You fall into a shaft and drop 1 floor!
107680 | Zot:2    | Noticed an orb of fire
107713 | Zot:1    | Reached skill level 10 in Summonings
107922 | Zot:2    | Received a gift from Okawaru
108726 | Zot:2    | Identified the +8 morningstar "Ukhiy" {crush, rC+ Str+4}
108739 | Zot:2    | Reached XP level 26. HP: 206/238 MP: 38/38
108888 | Zot:2    | Found a transporter.
108891 | Zot:2    | Found a shimmering blue altar of Sif Muna.
108907 | Zot:2    | Noticed an ancient lich
109015 | Zot:2    | Received a gift from Okawaru
109693 | Zot:3    | Noticed an orb of fire
109735 | Zot:3    | Killed an orb of fire
110260 | Zot:3    | Identified the cursed -4 pair of gloves "Ufi Tyaw" {+Fly
                  | MR+ MP+9} (You found it on level 3 of the Realm of Zot)
110350 | Zot:3    | Found a runed translucent gate.
110360 | Zot:3    | Found a runed translucent gate.
110850 | Zot:3    | Found a runed translucent gate.
110851 | Zot:3    | Noticed Beclu's ghost (legendary GnSk)
112416 | Zot:4    | Received a gift from Okawaru
113709 | Zot:3    | Killed Beclu's ghost
115037 | Zot:4    | Reached skill level 10 in Armour
115037 | Zot:4    | Reached skill level 10 in Dodging
115434 | Zot:4    | Reached XP level 27. HP: 193/248 MP: 38/38
116938 | Zot:5    | Entered Level 5 of the Realm of Zot
117061 | Zot:5    | Received a gift from Okawaru
117062 | Zot:5    | Got a bloodstained hand crossbow {god gift}
117066 | Zot:5    | Noticed an ancient lich
117284 | Zot:4    | Identified the +7 hand crossbow of Okawaru's Hope {freeze,
                  | rF++} (Okawaru gifted it to you on level 5 of the Realm of
                  | Zot)
117306 | Zot:5    | Noticed an orb of fire
117318 | Zot:5    | Noticed an orb of fire
117320 | Zot:5    | Killed an orb of fire
117321 | Zot:5    | Noticed an ancient lich
117324 | Zot:5    | Killed an orb of fire
117628 | Zot:5    | Killed an ancient lich
117632 | Zot:5    | Killed an ancient lich
117632 | Zot:5    | Received a gift from Okawaru
118137 | Zot:2    | Received a gift from Okawaru
118150 | Zot:2    | Killed an orb of fire
118184 | Zot:2    | Found a transporter.
118198 | Zot:2    | Killed an ancient lich
118198 | Zot:2    | Received a gift from Okawaru
118564 | Depths:5 | Bought a potion of invisibility for 152 gold pieces
118776 | D:14     | Learned a level 5 spell: Aura of Abjuration
118782 | D:14     | Learned a level 5 spell: Summon Mana Viper
118786 | D:14     | Learned a level 3 spell: Spectral Weapon
118995 | Snake:3  | Lost mutation: You are dopey. (Int -2) [the power of Zot]
119061 | Snake:3  | Got a wavering sapphire amulet
119062 | Snake:3  | Identified the amulet "Ejonix" {Harm *Drain Dex+2 Stlth+}
                  | (You found it on level 3 of the Snake Pit)
119072 | Snake:3  | Got a scorched granite ring
119073 | Snake:3  | Identified the ring "Kidochan" {+Inv rPois rF+ Str+2} (You
                  | found it on level 3 of the Snake Pit)
119086 | Snake:3  | Identified the cursed +1 flail "Embalmer" {freeze, +Rage
                  | rPois} (You found it on level 3 of the Snake Pit)
119989 | Slime:1  | Entered Level 1 of the Pits of Slime
121325 | Slime:5  | Entered Level 5 of the Pits of Slime
121933 | Slime:5  | Noticed the Royal Jelly
121954 | Slime:5  | Killed the Royal Jelly
122111 | Slime:5  | Got a slimy rune of Zot
122125 | Slime:5  | Identified the Handbook of Unholy Confrontation
122130 | Slime:5  | Identified the +4 plate armour of Cokoysh {rCorr Str+4
                  | Int+3 Dex+2} (You found it on level 5 of the Pits of Slime)
123545 | Temple   | Fell from the grace of Okawaru
123545 | Temple   | Became a worshipper of the Shining One
123852 | Crypt:1  | Entered Level 1 of the Crypt
124239 | Crypt:1  | Reached * piety under the Shining One
124336 | Crypt:1  | Reached ** piety under the Shining One
125212 | Crypt:2  | Reached *** piety under the Shining One
125237 | Crypt:2  | Noticed a greater mummy
125239 | Crypt:2  | Noticed a greater mummy
125243 | Crypt:2  | Noticed Khufu
125363 | Crypt:2  | Reached **** piety under the Shining One
125393 | Crypt:2  | Found a magical portal.
126484 | WizLab   | Reached skill level 5 in Evocations
126916 | WizLab   | Identified Iskenderun's Volume of Attacks
126916 | WizLab   | Identified Iskenderun's Papyrus of Arcane Weapons
127330 | Crypt:2  | Killed a greater mummy
127600 | Crypt:2  | Killed Khufu
128313 | Crypt:2  | Killed a greater mummy
128786 | Crypt:3  | Entered Level 3 of the Crypt
128794 | Crypt:3  | Reached ***** piety under the Shining One
129081 | Crypt:3  | Noticed Frederick
129095 | Crypt:3  | Killed Frederick
129266 | Crypt:3  | Noticed Bai Suzhen
129274 | Crypt:3  | Killed Bai Suzhen
129537 | Crypt:3  | Was forgiven by Okawaru
129547 | Crypt:3  | Noticed an ancient lich
129560 | Crypt:3  | Killed an ancient lich
129604 | Crypt:3  | Reached ****** piety under the Shining One
129972 | Crypt:3  | Identified a +5 triple crossbow of holy wrath (a +3 triple
                  | crossbow blessed by the Shining One)
129972 | Crypt:3  | Received a gift from the Shining One
130126 | Crypt:3  | Found a basalt altar of Yredelemnul.
130171 | Crypt:3  | Identified Ficyrese's Papyrus of Lethal Hexes
130174 | Crypt:3  | Identified the Compendium of Evil
130182 | Crypt:3  | Got a twitching jade ring
130182 | Crypt:3  | Got a wavering graven amulet
130182 | Crypt:3  | Got a steaming turquoise ring
130183 | Crypt:3  | Identified the ring of the Oligarchy {rF+ rN+ Str-4 Stlth+}
                  | (You found it on level 3 of the Crypt)
130184 | Crypt:3  | Identified the amulet of Dissent {rF+ Regen+} (You found it
                  | on level 3 of the Crypt)
130185 | Crypt:3  | Identified the ring of the Tarantula {rElec rN+ Dex+3} (You
                  | found it on level 3 of the Crypt)
130572 | D:10     | Bought a ration for 60 gold pieces
130572 | D:10     | Bought a ration for 60 gold pieces
130572 | D:10     | Bought a potion of agility for 48 gold pieces
130834 | Depths:1 | Bought a scroll of teleportation for 48 gold pieces
130834 | Depths:1 | Bought a scroll of fog for 32 gold pieces
130834 | Depths:1 | Bought a potion of flight for 48 gold pieces
131215 | Crypt:3  | Found a staircase to the Tomb.
131877 | Hell     | Entered the Vestibule of Hell
131877 | Hell     | Noticed Geryon
131883 | Hell     | Killed Geryon
132526 | Hell     | Found a gateway to the freezing wastes of Cocytus.
132621 | Hell     | Found a gateway to the Iron City of Dis.
132718 | Hell     | Found a gateway to the decaying netherworld of Tartarus.
132784 | Hell     | Found a gateway to the ashen valley of Gehenna.
132982 | Depths:1 | Voluntarily entered the Abyss.
132982 | Abyss:1  | Found a corrupted altar of Lugonu.
133047 | Abyss:1  | Found a hide-covered altar of Uskayaw.
133279 | Abyss:3  | Found a sacrificial altar of Ru.
133608 | Abyss:3  | Got an abyssal rune of Zot
133746 | Depths:1 | Escaped the Abyss
134533 | Geh:1    | Entered Level 1 of Gehenna
134611 | Geh:1    | Found the +7 great mace "Firestarter" {inner flame, rF++}
135685 | Lair:5   | Identified the +6 halberd "Xesoretzi" {chop, rN+ Int-4
                  | SInv} (You found it on level 5 of the Lair of Beasts)
136136 | D:14     | Learned a level 3 spell: Inner Flame
136900 | Geh:2    | You fall into a shaft and drop 1 floor!
137462 | Geh:4    | Gained mutation: Scrolls take you a little longer to read.
                  | [mutagenic glow]
137873 | Geh:5    | Reached skill level 15 in Invocations
138211 | Geh:7    | Entered Level 7 of Gehenna
138676 | D:14     | Lost mutation: Scrolls take you a little longer to read.
                  | [potion of mutation]
138676 | D:14     | Gained mutation: You are frail. (-10% HP) [potion of
                  | mutation]
138676 | D:14     | Gained mutation: You are occasionally teleported next to
                  | monsters. [potion of mutation]
138676 | D:14     | Gained mutation: You have a somewhat thin skeletal
                  | structure. (Dex +2, Stealth) [potion of mutation]
138921 | Temple   | Fell from the grace of the Shining One
138921 | Temple   | Became a worshipper of Zin the Law-Giver
138921 | Temple   | Reached * piety under Zin
138921 | Temple   | Reached ** piety under Zin
138921 | Temple   | Reached *** piety under Zin
138921 | Temple   | Reached **** piety under Zin
138921 | Temple   | Reached ***** piety under Zin
138922 | Temple   | Donated 920 gold pieces to Zin
139481 | Geh:4    | Paralysed by an eldritch tentacle for 6 turns
139553 | Geh:4    | Donated 460 gold pieces to Zin
140004 | Hell     | Donated 230 gold pieces to Zin
140854 | Geh:7    | Reached ****** piety under Zin
140865 | Hell     | Lost mutation: You are frail. (-10% HP) [potion of
                  | mutation]
140865 | Hell     | Lost mutation: You are occasionally teleported next to
                  | monsters. [potion of mutation]
140865 | Hell     | Lost mutation: You have a somewhat thin skeletal structure.
                  | (Dex +2, Stealth) [potion of mutation]
141345 | Temple   | Fell from the grace of Zin
141345 | Temple   | Became a worshipper of the Shining One
142386 | Geh:7    | Identified the +8 fustibalus of Qitzaolu {freeze, +Inv
                  | Str+4 Int-3}
143147 | Geh:7    | Identified the +7 sceptre of Asmodeus
143147 | Geh:7    | Noticed Asmodeus
143162 | Geh:7    | Killed Asmodeus
143184 | Geh:7    | Got an obsidian rune of Zot
143626 | Pan      | Entered the realm of Lom Lobon.
143626 | Pan      | Entered Pandemonium
143715 | Pan      | Noticed Lom Lobon
143724 | Pan      | Killed Lom Lobon
143737 | Pan      | Got a magical rune of Zot
144006 | Pan      | Found an exit through the horrors of the Abyss.
144430 | Pan      | Took an exit into the Abyss.
144430 | Abyss:1  | Escaped into the Abyss
144604 | Depths:1 | Escaped the Abyss
144609 | Pan      | Entered Pandemonium
144771 | Pan      | Found an exit through the horrors of the Abyss.
144863 | Pan      | Identified the +10 chain mail "Jaycsapura" {MR++ Regen+
                  | Str+3} (You found it in Pandemonium)
145636 | Pan      | Identified the +8 flail of Huacvyebb {crush, rF+} (You
                  | found it in Pandemonium)
145664 | Pan      | Noticed Kacsaik the pandemonium lord
145673 | Pan      | Killed Kacsaik the pandemonium lord
145701 | Pan      | Got a demonic rune of Zot
145859 | Pan      | Took an exit into the Abyss.
145859 | Abyss:1  | Escaped into the Abyss
146074 | Abyss:1  | Gained mutation: Your magical capacity is low. (-10% MP) [a
                  | neqoxec]
146322 | Abyss:2  | Found a corrupted altar of Lugonu.
146353 | Depths:1 | Escaped the Abyss
146584 | Pan      | Entered Pandemonium
147159 | Pan      | Noticed Tegaph the pandemonium lord
147183 | Pan      | Killed Tegaph the pandemonium lord
148082 | Pan      | Noticed Zilixkips the pandemonium lord
148088 | Pan      | Killed Zilixkips the pandemonium lord
148287 | Pan      | Gained mutation: You occasionally shout uncontrollably at
                  | your foes. [a cacodemon]
148323 | Pan      | Identified the Grimoire of the Boosting Compass
148333 | Pan      | Identified the +6 great mace "Loopy" {flame, rF++}
148339 | Pan      | Entered the realm of Cerebov.
148666 | Pan      | Identified the +8 broad axe of the Poles {chop, Int+4}
148962 | Pan      | Identified the ring of Cheibriados's Reproof {rC+ Int+4}
149092 | Pan      | Found an exit through the horrors of the Abyss.
149459 | Pan      | Identified the +6 sword of Cerebov {flame}
149459 | Pan      | Noticed Cerebov
149514 | Pan      | Identified the +9 arbalest "Ipruf" {elec, *Corrode Int+5}
                  | (You found it in Pandemonium)
149517 | Pan      | Identified the Tome of Destructive Black Arts
149545 | Pan      | Identified the cursed +0 helmet "Taashint" {rF+++ Slay-3}
                  | (You found it in Pandemonium)
149747 | Pan      | Identified the ring "Vauduats" {+Blink rElec AC+2 Slay-4
                  | Stlth+}
149753 | Pan      | Identified the cursed +1 chain mail "Borgh" {Dex+4}
149841 | Pan      | Killed Cerebov
150007 | Pan      | Got a fiery rune of Zot
150084 | Pan      | Took an exit into the Abyss.
150084 | Abyss:1  | Escaped into the Abyss
150101 | Depths:1 | Escaped the Abyss
150356 | Pan      | Entered Pandemonium
150439 | Pan      | Found a transporter.
150590 | Pan      | Found a transporter.
151396 | Pan      | Got a wavering platinum ring
151397 | Pan      | Identified the ring "Tiast" {Fire rPois Str+6 Int-5 Dex+4}
                  | (You found it in Pandemonium)
151411 | Pan      | Got a glittering granite ring
151412 | Pan      | Identified the ring "Egofean" {+Fly rElec MP-9 Int-2
                  | Stlth+} (You found it in Pandemonium)
151436 | Pan      | Entered the realm of Mnoleg.
151519 | Pan      | Found an exit through the horrors of the Abyss.
151535 | Pan      | Got a warped war axe
151715 | Pan      | Gained mutation: Your spells are a little easier to cast,
                  | but a little less powerful. [a neqoxec]
151756 | Pan      | Noticed Mnoleg
151763 | Pan      | Killed Mnoleg
151785 | Pan      | Got a glowing rune of Zot
151950 | Pan      | Took an exit into the Abyss.
151950 | Abyss:1  | Escaped into the Abyss
152004 | Abyss:1  | Identified the +2 war axe "Liushre" {antimagic, +Rage rPois
                  | Str-5 Dex+8} (You found it in Pandemonium)
152019 | Depths:1 | Escaped the Abyss
152027 | Pan      | Entered Pandemonium
152969 | Pan      | Noticed Zoary the pandemonium lord
152974 | Pan      | Killed Zoary the pandemonium lord
153058 | Depths:1 | Escaped Pandemonium
153063 | Pan      | Entered Pandemonium
153206 | Pan      | Noticed Beelih the pandemonium lord
153210 | Pan      | Killed Beelih the pandemonium lord
153907 | Depths:1 | Escaped Pandemonium
153913 | Pan      | Entered the realm of Gloorx Vloq.
153913 | Pan      | Entered Pandemonium
153917 | Pan      | Found an exit through the horrors of the Abyss.
155075 | Pan      | Noticed Gloorx Vloq
155081 | Pan      | Killed Gloorx Vloq
155104 | Pan      | Got a dark rune of Zot
155227 | Pan      | Took an exit into the Abyss.
155227 | Abyss:1  | Escaped into the Abyss
155488 | Depths:1 | Escaped the Abyss
155643 | D:14     | Lost mutation: Your spells are a little easier to cast, but
                  | a little less powerful. [potion of mutation]
155643 | D:14     | Lost mutation: Your magical capacity is low. (-10% MP)
                  | [potion of mutation]
155643 | D:14     | Gained mutation: You are agile. (Dex +2) [potion of
                  | mutation]
155643 | D:14     | Gained mutation: You are weak. (Str -2) [potion of
                  | mutation]
155643 | D:14     | Gained mutation: You are partially covered in large bone
                  | plates. (SH +4) [potion of mutation]
155646 | D:14     | Lost mutation: You are weak. (Str -2) [potion of mutation]
155646 | D:14     | Lost mutation: You occasionally shout uncontrollably at
                  | your foes. [potion of mutation]
155646 | D:14     | Lost mutation: You are agile. (Dex +2) [potion of mutation]
155646 | D:14     | Gained mutation: You are resistant to electric shocks.
                  | (rElec) [potion of mutation]
155646 | D:14     | Gained mutation: You expend magic power (3 MP) to
                  | strengthen your wands. [potion of mutation]
155819 | Tar:1    | Entered Level 1 of Tartarus
156180 | Tar:3    | Reached skill level 1 in Maces & Flails
156575 | Hell     | Reached skill level 5 in Maces & Flails
157030 | Tar:3    | You fall into a shaft and drop 2 floors!
157498 | Tar:7    | Entered Level 7 of Tartarus
157763 | Tar:7    | Reached skill level 10 in Maces & Flails
157883 | Tar:7    | Gained mutation: Scrolls take you a little longer to read.
                  | [mutagenic glow]
158031 | Tar:7    | Identified the +7 chain mail of Nuyrakis {rElec Int+5
                  | Dex-4} (You found it on level 7 of Tartarus)
158181 | Tar:7    | Noticed the Serpent of Hell
158681 | Tar:7    | Killed the Serpent of Hell
158971 | Tar:7    | Identified Feofueg's Compendium of Dusty Companions
159009 | Tar:7    | Noticed Ereshkigal
159022 | Tar:7    | Killed Ereshkigal
159063 | Tar:7    | Found the +7 sceptre of Torment {pain, torment}
159063 | Tar:7    | Identified the Compendium of Hexes
159066 | Tar:7    | Got a slimy pewter amulet
159074 | Tar:7    | Got a bone rune of Zot
159079 | Tar:7    | Got a clouded silver ring
159081 | Tar:7    | Identified the ring of Efotuir {rF+ rN++ MR++ Dex-3} (You
                  | found it on level 7 of Tartarus)
159454 | D:14     | Lost mutation: Scrolls take you a little longer to read.
                  | [potion of mutation]
159454 | D:14     | Lost mutation: You expend magic power (3 MP) to strengthen
                  | your wands. [potion of mutation]
159454 | D:14     | Lost mutation: You are resistant to electric shocks.
                  | (rElec) [potion of mutation]
159454 | D:14     | Gained mutation: Your body sometimes deteriorates upon
                  | taking damage. [potion of mutation]
159454 | D:14     | Gained mutation: You are covered in fur. (AC +1) [potion of
                  | mutation]
159454 | D:14     | Gained mutation: Your spells are a little harder to cast,
                  | but a little more powerful. [potion of mutation]
159454 | D:14     | Gained mutation: You are robust. (+10% HP) [potion of
                  | mutation]
159598 | Vaults:5 | Bought a pair of glowing gloves for 232 gold pieces
159598 | Vaults:5 | Bought a glowing helmet for 232 gold pieces
159911 | Coc:1    | Entered Level 1 of Cocytus
160033 | Coc:3    | You fall into a shaft and drop 2 floors!
160469 | Coc:7    | Entered Level 7 of Cocytus
161623 | Coc:7    | Noticed Antaeus
161642 | Coc:7    | Killed Antaeus
161654 | Coc:7    | Got an icy rune of Zot
161668 | Coc:7    | Got a pitted trident
162044 | Dis:1    | Entered Level 1 of the Iron City of Dis
162318 | Depths:1 | Gained mutation: Your body often deteriorates upon taking
                  | damage. [mutagenic glow]
162357 | D:15     | Lost mutation: Your spells are a little harder to cast, but
                  | a little more powerful. [mutagenic glow]
162546 | Depths:1 | Voluntarily entered the Abyss.
162752 | Abyss:2  | Got a polished short sword
163268 | Abyss:5  | Entered Level 5 of the Abyss
163371 | Depths:1 | Escaped the Abyss
163501 | Depths:3 | Voluntarily entered the Abyss.
163646 | Abyss:2  | Identified the +8 large shield of Deolag {rElec rF+ rC-
                  | Int+4}
163656 | Abyss:2  | Was placed under penance by the Shining One
163709 | Depths:3 | Escaped the Abyss
164351 | Dis:2    | Was forgiven by the Shining One
164618 | Depths:3 | Voluntarily entered the Abyss.
164771 | Abyss:3  | Found a corrupted altar of Lugonu.
165072 | Depths:3 | Escaped the Abyss
165109 | Depths:3 | Voluntarily entered the Abyss.
165385 | Abyss:2  | Found a corrupted altar of Lugonu.
165407 | Abyss:2  | Found an opulent altar of Gozag.
165494 | Abyss:3  | Found a corrupted altar of Lugonu.
165877 | Abyss:4  | Found a blossoming altar of Fedhas.
165998 | Depths:3 | Escaped the Abyss
166011 | Depths:3 | Voluntarily entered the Abyss.
166011 | Abyss:1  | Found a corrupted altar of Lugonu.
166099 | Abyss:1  | Found a corrupted altar of Lugonu.
166185 | Depths:3 | Escaped the Abyss
166200 | Depths:3 | Voluntarily entered the Abyss.
166472 | Abyss:1  | Found a corrupted altar of Lugonu.
167188 | Abyss:3  | Paralysed by accursed screaming for 2 turns
167537 | Depths:3 | Escaped the Abyss
167920 | Dis:3    | Gained mutation: Scrolls take you a little longer to read.
                  | [mutagenic glow]
167987 | Depths:1 | Gained mutation: You are occasionally teleported next to
                  | monsters. [mutagenic glow]
168043 | D:14     | Gained mutation: You occasionally shout uncontrollably at
                  | your foes. [mutagenic glow]
168299 | Temple   | Fell from the grace of the Shining One
168299 | Temple   | Became a worshipper of Zin the Law-Giver
168300 | Temple   | Donated 3102 gold pieces to Zin
168543 | D:14     | Donated 1551 gold pieces to Zin
168708 | Depths:3 | Donated 775 gold pieces to Zin
168757 | Depths:3 | Lost mutation: You are occasionally teleported next to
                  | monsters. [potion of mutation]
168757 | Depths:3 | Lost mutation: Scrolls take you a little longer to read.
                  | [potion of mutation]
168758 | Depths:3 | Lost mutation: You are robust. (+10% HP) [potion of
                  | mutation]
168758 | Depths:3 | Lost mutation: Your body often deteriorates upon taking
                  | damage. [potion of mutation]
168759 | Depths:3 | Lost mutation: Your body sometimes deteriorates upon taking
                  | damage. [potion of mutation]
168759 | Depths:3 | Lost mutation: You are covered in fur. (AC +1) [potion of
                  | mutation]
168760 | Depths:3 | Lost mutation: You occasionally shout uncontrollably at
                  | your foes. [potion of mutation]
168760 | Depths:3 | Lost mutation: You are partially covered in large bone
                  | plates. (SH +4) [potion of mutation]
169119 | Temple   | Fell from the grace of Zin
169119 | Temple   | Became a worshipper of the Shining One
169120 | Temple   | Gained mutation: You are occasionally teleported next to
                  | monsters. [potion of mutation]
169120 | Temple   | Gained mutation: You are dopey. (Int -2) [potion of
                  | mutation]
169120 | Temple   | Gained mutation: You have supernaturally acute eyesight.
                  | (SInv) [potion of mutation]
169121 | Temple   | Lost mutation: You are dopey. (Int -2) [potion of mutation]
169121 | Temple   | Lost mutation: You have supernaturally acute eyesight.
                  | (SInv) [potion of mutation]
169121 | Temple   | Lost mutation: You are occasionally teleported next to
                  | monsters. [potion of mutation]
169121 | Temple   | Gained mutation: Your magical capacity is low. (-10% MP)
                  | [potion of mutation]
169121 | Temple   | Gained mutation: You are robust. (+10% HP) [potion of
                  | mutation]
169121 | Temple   | Gained mutation: You possess an exceptional clarity of
                  | mind. [potion of mutation]
169121 | Temple   | Gained mutation: You are resistant to electric shocks.
                  | (rElec) [potion of mutation]
169122 | Temple   | Lost mutation: You are robust. (+10% HP) [potion of
                  | mutation]
169122 | Temple   | Lost mutation: Your magical capacity is low. (-10% MP)
                  | [potion of mutation]
169122 | Temple   | Lost mutation: You possess an exceptional clarity of mind.
                  | [potion of mutation]
169122 | Temple   | Gained mutation: Scrolls take you a little longer to read.
                  | [potion of mutation]
169122 | Temple   | Gained mutation: Your body sometimes deteriorates upon
                  | taking damage. [potion of mutation]
169122 | Temple   | Gained mutation: You have a pair of small horns on your
                  | head. [potion of mutation]
169122 | Temple   | Gained mutation: You are agile. (Dex +2) [potion of
                  | mutation]
169131 | Temple   | Lost mutation: Scrolls take you a little longer to read.
                  | [potion of mutation]
169131 | Temple   | Lost mutation: Your body sometimes deteriorates upon taking
                  | damage. [potion of mutation]
169131 | Temple   | Lost mutation: You are agile. (Dex +2) [potion of mutation]
169131 | Temple   | Gained mutation: Your magical capacity is low. (-10% MP)
                  | [potion of mutation]
169131 | Temple   | Gained mutation: You do not regenerate when monsters are
                  | visible. [potion of mutation]
169131 | Temple   | Gained mutation: Your muscles are strong. (Str +2) [potion
                  | of mutation]
169144 | Temple   | Fell from the grace of the Shining One
169144 | Temple   | Became a worshipper of Zin the Law-Giver
169145 | Temple   | Donated 388 gold pieces to Zin
169514 | Depths:3 | Donated 194 gold pieces to Zin
169520 | Depths:3 | Voluntarily entered the Abyss.
169635 | Depths:3 | Escaped the Abyss
173623 | Dis:3    | Reached skill level 15 in Armour
173748 | Dis:3    | Reached skill level 15 in Dodging
173942 | Dis:3    | Donated 97 gold pieces to Zin
174004 | Dis:3    | Lost mutation: You do not regenerate when monsters are
                  | visible. [potion of mutation]
174004 | Dis:3    | Lost mutation: Your muscles are strong. (Str +2) [potion of
                  | mutation]
174005 | Dis:3    | Lost mutation: You have a pair of small horns on your head.
                  | [potion of mutation]
174005 | Dis:3    | Lost mutation: You are resistant to electric shocks.
                  | (rElec) [potion of mutation]
174006 | Dis:3    | Lost mutation: Your magical capacity is low. (-10% MP)
                  | [potion of mutation]
174462 | Temple   | Fell from the grace of Zin
174462 | Temple   | Became a worshipper of the Shining One
174836 | Depths:3 | Voluntarily entered the Abyss.
174898 | Abyss:2  | Found a corrupted altar of Lugonu.
175740 | Abyss:5  | Entered Level 5 of the Abyss
175863 | Depths:3 | Escaped the Abyss
176223 | Tomb:1   | Entered Level 1 of the Tomb of the Ancients
176342 | Tomb:1   | Noticed Mennas
176365 | Tomb:1   | Killed Mennas
176944 | Tomb:1   | Noticed a greater mummy
176951 | Tomb:1   | Killed a greater mummy
177500 | Tomb:2   | Noticed a greater mummy
177501 | Tomb:2   | Noticed a greater mummy
177543 | Tomb:2   | Killed a greater mummy
177557 | Tomb:2   | Killed a greater mummy
177567 | Tomb:2   | Noticed a greater mummy
177573 | Tomb:2   | Killed a greater mummy
177639 | Tomb:2   | Noticed a greater mummy
177657 | Tomb:2   | Killed a greater mummy
178019 | Tomb:2   | Noticed Boris
178039 | Tomb:2   | Killed Boris
178327 | Tomb:2   | Identified the +2 cloak "Rum Qaib" {Stlth+} (You found it
                  | on level 2 of the Tomb of the Ancients)
178531 | Tomb:1   | Noticed a greater mummy
178533 | Tomb:1   | Noticed a greater mummy
178541 | Tomb:1   | Killed a greater mummy
178543 | Tomb:1   | Killed a greater mummy
178550 | Tomb:1   | Noticed a greater mummy
178556 | Tomb:1   | Killed a greater mummy
178562 | Tomb:1   | Noticed a greater mummy
178563 | Tomb:1   | Noticed a greater mummy
178579 | Tomb:1   | Killed a greater mummy
178582 | Tomb:1   | Killed a greater mummy
178602 | Tomb:1   | Noticed a greater mummy
178605 | Tomb:1   | Killed a greater mummy
178640 | Tomb:1   | Noticed a greater mummy
178645 | Tomb:1   | Killed a greater mummy
178647 | Tomb:1   | Noticed a greater mummy
178656 | Tomb:1   | Killed a greater mummy
179080 | Tomb:1   | Noticed a greater mummy
179094 | Tomb:1   | Killed a greater mummy
179314 | Tomb:1   | Noticed a greater mummy
179331 | Tomb:1   | Killed a greater mummy
179338 | Tomb:1   | Noticed a greater mummy
179341 | Tomb:1   | Killed a greater mummy
179621 | Tomb:1   | Noticed a greater mummy
179641 | Tomb:1   | Killed a greater mummy
179661 | Tomb:1   | Noticed a greater mummy
179797 | Tomb:1   | Noticed a greater mummy
179807 | Tomb:1   | Killed a greater mummy
179816 | Tomb:1   | Noticed a greater mummy
179820 | Tomb:1   | Killed a greater mummy
179821 | Tomb:1   | Noticed a greater mummy
179825 | Tomb:1   | Killed a greater mummy
180126 | Tomb:1   | Noticed a greater mummy
180134 | Tomb:1   | Killed a greater mummy
180191 | Tomb:1   | Noticed a greater mummy
180198 | Tomb:1   | Killed a greater mummy
180539 | Tomb:2   | Cast into level 5 of the Abyss (the power of Zot)
180539 | Abyss:5  | Entered Level 5 of the Abyss
180627 | Abyss:5  | Noticed an ancient lich
180636 | Abyss:5  | Killed an ancient lich
180776 | Tomb:2   | Escaped the Abyss
181225 | Tomb:3   | Entered Level 3 of the Tomb of the Ancients
181272 | Tomb:3   | Noticed a greater mummy
181281 | Tomb:3   | Killed a greater mummy
181285 | Tomb:3   | Noticed a greater mummy
181292 | Tomb:3   | Killed a greater mummy
181310 | Tomb:3   | Noticed a greater mummy
181317 | Tomb:3   | Killed a greater mummy
181387 | Tomb:3   | Noticed a greater mummy
181391 | Tomb:3   | Killed a greater mummy
181629 | Tomb:3   | Got a crude broad axe
181652 | Tomb:3   | Got a pitted plate armour
181718 | Tomb:3   | Identified the +10 plate armour of Modesty {+Blink rC+
                  | Int+4} (You found it on level 3 of the Tomb of the
                  | Ancients)
181807 | Tomb:3   | Found the ring of Phasing {EV+8}
181896 | Tomb:3   | Identified the +1 ring mail of the Other Side {rElec rF+
                  | MR++ Str-3} (You found it on level 3 of the Tomb of the
                  | Ancients)
182038 | Tomb:3   | Noticed a greater mummy
182044 | Tomb:3   | Killed a greater mummy
182189 | Tomb:3   | Noticed a greater mummy
182193 | Tomb:3   | Killed a greater mummy
182193 | Tomb:3   | Noticed a greater mummy
182207 | Tomb:3   | Killed a greater mummy
182596 | Tomb:3   | Got a golden rune of Zot
182612 | Tomb:3   | Noticed a greater mummy
182624 | Tomb:3   | Killed a greater mummy
182706 | Tomb:3   | Noticed a greater mummy
182712 | Tomb:3   | Killed a greater mummy
182730 | Tomb:3   | Identified the +1 scale mail of Nint {Int+3} (You found it
                  | on level 3 of the Tomb of the Ancients)
182743 | Tomb:3   | Identified the +1 broad axe of Accidental Termination
                  | {freeze, rElec rF+ Str-2 SInv} (You found it on level 3 of
                  | the Tomb of the Ancients)
182807 | Tomb:1   | Killed a greater mummy
183124 | D:14     | Identified the +1 trident of Supply {drain, rPois rN++}
                  | (You found it on level 7 of Cocytus)
183991 | Dis:7    | Entered Level 7 of the Iron City of Dis
184324 | Dis:7    | Gained mutation: You occasionally shout uncontrollably at
                  | your foes. [mutagenic glow]
184591 | Dis:7    | Got a pitted bronze ring
184592 | Dis:7    | Identified the ring of Jujacsue {rPois MR+ Dex+5} (You
                  | found it on level 7 of the Iron City of Dis)
184593 | Dis:7    | Identified Xutzeife's Disquisition on Flying Beguiling
185028 | Dis:7    | Identified the +4 staff of Dispater
185028 | Dis:7    | Noticed Dispater
185044 | Dis:7    | Killed Dispater
185125 | Dis:7    | Got an iron rune of Zot
185912 | Zot:5    | Noticed an ancient lich
185918 | Zot:5    | Killed an ancient lich
185946 | Zot:5    | Noticed an ancient lich
185950 | Zot:5    | Killed an ancient lich
185950 | Zot:5    | Noticed an orb of fire
185951 | Zot:5    | Noticed an orb of fire
185952 | Zot:5    | Noticed an ancient lich
185953 | Zot:5    | Gained mutation: You tend to lose your temper in combat.
                  | [an orb of fire]
185963 | Zot:5    | Gained mutation: Scrolls take you a little longer to read.
                  | [an orb of fire]
185994 | Zot:5    | Gained mutation: Your spells are a little easier to cast,
                  | but a little less powerful. [an orb of fire]
186273 | Zot:5    | Killed an orb of fire
186368 | Zot:5    | Killed an ancient lich
186590 | Zot:5    | Noticed an orb of fire
186590 | Zot:5    | Gained mutation: You are clumsy. (Dex -2) [an orb of fire]
186596 | Zot:5    | Got the Orb of Zot
186634 | Zot:5    | Noticed an orb of fire
186635 | Zot:5    | Noticed an orb of fire
186776 | Depths:3 | Noticed Sassew the pandemonium lord
186922 | D:15     | Lost mutation: You tend to lose your temper in combat.
                  | [potion of mutation]
186922 | D:15     | Lost mutation: You are clumsy. (Dex -2) [potion of
                  | mutation]
186922 | D:15     | Lost mutation: Scrolls take you a little longer to read.
                  | [potion of mutation]
186922 | D:15     | Gained mutation: You are frail. (-10% HP) [potion of
                  | mutation]
186922 | D:15     | Gained mutation: You are dopey. (Int -2) [potion of
                  | mutation]
186922 | D:15     | Lost mutation: You are dopey. (Int -2) [potion of mutation]
186923 | D:15     | Lost mutation: Your spells are a little easier to cast, but
                  | a little less powerful. [potion of mutation]
186923 | D:15     | Lost mutation: You are frail. (-10% HP) [potion of
                  | mutation]
186923 | D:15     | Lost mutation: You occasionally shout uncontrollably at
                  | your foes. [potion of mutation]
186923 | D:15     | Gained mutation: You evolve. [potion of mutation]
186923 | D:15     | Gained mutation: Your magical capacity is low. (-10% MP)
                  | [potion of mutation]
186923 | D:15     | Gained mutation: Your muscles are strong. (Str +2) [potion
                  | of mutation]
186923 | D:15     | Gained mutation: Your flesh is heat resistant. (rF+)
                  | [potion of mutation]
187424 | D:1      | GREAT RUN! :D
187424 | D:1      | WEARING KRYIA'S MAIL COAT FOR MOST OF THE GAME WAS OK, 37
                  | AC WAS TOUGHER FOR THE RUNES AFTER MAIN GAME
187424 | D:1      | GOOD RINGS IN V5, FIRESTARTER IN GEH, GOOD ART PLATE IN T3
187424 | D:1      | GOOD ART ACRO INSTEAD OF FAITH WAS SITUATIONAL IN BOTH OKRA
                  | BUFFS AND GIFTS, BUT OK!
187424 | D:1      | GAME 4 OF STREAK!!! :D
187429 | D:$      | Escaped with the Orb!

Levels and vault maps discovered:
D:1:      dpeg_arrival_ternary, layout_basic
D:2:      layout_rooms, lemuel_coloured_pillars_altar, minmay_misc_feat_rows,
          minmay_octomino_j4, uniq_jessica
D:3:      layout_loops_ring, first_ration, uniq_terence, uniq_grinder
D:4:      layout_loops_cross, minitemple
D:5:      layout_rooms, nemelex_altar_shiori, lemuel_temple_firewalk_a
D:6:      layout_basic, vehumet_altar_wand_db
D:7:      layout_basic, old_standard_altar
D:8:      layout_basic, chequers_temple_overflow_statue_of_worship,
          blue_anna_alchemist [blue_anna_fruit_fields, blue_anna_fruit_fields],
          moated_statue, fedhas_altar_fruit_tree
D:9:      layout_irregular_city, lemuel_round_altar
D:10:     lemuel_ice_spiral_2, layout_basic, serial_undead, serial_undead_e,
          serial_undead_f, serial_undead_f, serial_undead_d, serial_shops,
          nicolae_shop_statue_plus
D:11:     layout_loops_corners, lair_entry_dummy,
          lemuel_mausoleum_altar_kikubaaqudgha
D:12:     layout_gridville, orc_0_dummy, enter_bailey_2
D:13:     layout_roguey, nicolae_trove_entry_path_of_doom,
          einodemon_barbed_minivault
D:14:     layout_gridville, david_vaults_5, minmay_misc_feat_nine_boxes,
          uniq_rupert
D:15:     gammafunk_enter_depths_forms, layout_basic, minmay_hedge_maze
Temple:   cyrus_circular_temple
Lair:1:   layout_regular_city, serial_bayou_lagoon_a
Lair:2:   layout_regular_city, st_stairs_3, infiniplex_staircase_pool_2
Lair:3:   layout_cave_pods, serial_bayou_shore_a, grunt_megastairs_5
Lair:4:   layout_regular_city, shoals_dummy_entry, dummy_snake_entry,
          basic_altar, grunt_megastairs_4
Lair:5:   layout_hall_layers
Lair:6:   minmay_lair_end_enchanted_forest, layout_loops_ring,
          minmay_slime_entry_pillars
Shoals:1: layout_shoals, serial_shops, shop
Shoals:2: layout_shoals, gammafunk_ghost_split,
          nicolae_shoals_kraken_intersection, uniq_ilsuiw, uniq_polyphemus
Shoals:3: layout_shoals, nicolae_shoals_dead_sea_scrolls
Shoals:4: shoals_end_grunt_ice, layout_shoals, nicolae_shoals_kraken_party,
          uniq_kirke
Snake:1:  layout_misc_corridors, portal_ice_cave_entry_pillars_four, uniq_aizul
Snake:2:  layout_basic, serial_shops, shop, basic_altar, uniq_azrael
Snake:3:  gammafunk_its_a_trap, layout_gridlike, serial_shops,
          nicolae_shop_stone, nicolae_snake_double_loop,
          nicolae_snake_serpentine_hallways, nicolae_snake_round_shape_thing
Snake:4:  grunt_snake_rune_pools, layout_misc_corridors
Slime:1:  layout_caves
Slime:2:  layout_caves
Slime:3:  layout_caves, uniq_dissolution
Slime:4:  layout_caves, nicolae_slime_barrier
Slime:5
Orc:1:    layout_caves, ebering_ghost_disaster_area
Orc:2:    st_orc_elflike, layout_caves, serial_shops, shop, sword_in_stone,
          uniq_josephine
Elf:1:    minmay_elf_arrival_summoners, layout_loops_ring,
          minmay_elf_annihilation, nooodl_food_tri
Elf:2:    layout_loops_cross
Elf:3:    elf_hall, layout_loops_ring, hangedman_elf_simple_split,
          hangedman_feature_mirror
Vaults:1: ontoclasm_vaults_claustrophobia, v_rooms_3, vaults_dpeg_encased_lava,
          nicolae_vaults_little_squares_6, nicolae_vaults_border_crossing,
          vaults_room_pools, layout_vaults_omnigrid, serial_shops, shop
Vaults:2: v_pattern_4, hangedman_vaults_cutoff, grunt_vaults_trifunnel,
          minmay_crypt_entry_simple_box, v_misc_2, vaults_room_semicircle,
          v_rooms_6, st_cross, v_misc_9, v_misc_22, layout_vaults_big_room
Vaults:3: v_misc_25, nicolae_vaults_back_hallway, nicolae_vaults_big_ls,
          vaults_room_stairs_pillars, v_misc_14, vaults_room_stairs_pillars,
          nicolae_vaults_little_squares_5, nicolae_vaults_c_with_doors,
          v_misc_10, v_rooms_1, v_misc_22, v_misc_30,
          vaults_room_stairs_pillars, ontoclasm_vaults_ring_small, v_misc_11,
          ontoclasm_vaults_eye, layout_vaults_omnibox
Vaults:4: hangedman_vaults_river_flow, nicolae_vaults_ninety_degrees, v_rooms_2,
          v_misc_26, nicolae_vaults_mini_display_case, grunt_vaults_twisty,
          ontoclasm_vaults_ligature, hangedman_vaults_stretched_pinwheel,
          vaults_mumra_chevron, layout_vaults_maze
Vaults:5: serial_shops, uniq_saint_roka
Crypt:1:  layout_gridlike, grunt_crypt_arrival_split
Crypt:2:  layout_misc_corridors, mu_enter_wizlab_6, uniq_khufu
Crypt:3:  cryptofortress_bobbens, uniq_frederick, uniq_bai_suzhen
Tomb:1:   uniq_mennas
Tomb:2:   uniq_boris
Tomb:3
Depths:1: layout_roguey, serial_shops, shop_fountains, wad_floor_pattern_1,
          minmay_room_of_horrors, hell_entry, pan_entry, minmay_misc_feat_roman,
          nicolae_island_escapes
Depths:2: radiant_caverns_a_rkd, hell_entry
Depths:3: cheibrodos_lost_city_excavation, layout_cave_shapes,
          grunt_pan_entry_sceptre, hell_entry,
          nicolae_abyss_entry_one_way_or_another, chequers_decorated_corner,
          minmay_fountain_box
Depths:4: minmay_tearing_corner, layout_cave_pools, enter_ziggurat_d,
          marbit_kobold_abyss_entry, pf_hell_entry_great_geh
Depths:5: grunt_zot_entry_tricorne, layout_twisted_cross, serial_shops,
          nicolae_shop_stone, pf_coc_iceberg, grunt_decor_arrowhead,
          bh_walls_and_bars
Hell
Dis:1:    layout_gridville
Dis:2:    layout_subdivisions
Dis:3:    layout_jigsaw, hangedman_dis_decor_tower
Dis:4:    layout_chaotic_city
Dis:5:    layout_overlapping_boxes, evilmike_ambush
          [evilmike_ambush_outer_corners, evilmike_ambush_inner_wall_1]
Dis:6:    layout_chaotic_city
Dis:7:    dis_hangedman
Geh:1:    minmay_firetagon, layout_gehenna_pools_triple
Geh:2:    layout_gehenna_pools_triple
Geh:3:    layout_gehenna_lava_caves
Geh:4:    layout_gehenna_pools_basic, nicolae_geh_sunburst, grunt_megastairs_2
Geh:5:    layout_gehenna_pools_triple
Geh:6:    layout_gehenna_pools_triple
Geh:7:    geh_grunt_pentagon
Coc:1:    layout_cocytus_water_paths
Coc:2:    layout_cocytus_water_paths, lemuel_elevator
Coc:3:    layout_cocytus_water_paths
Coc:4:    layout_ice_bergs
Coc:5:    layout_cocytus_water_paths
Coc:6:    layout_cocytus_water_paths
Coc:7:    coc_old
Tar:1:    layout_catacombs
Tar:2:    layout_grid_maze, grunt_megastairs_3
Tar:3:    layout_cathedral_of_symmetry, nicolae_tar_fractal_crypt
Tar:4:    layout_catacombs
Tar:5:    grunt_deathspiral_small, layout_cathedral_of_symmetry
Tar:6:    layout_cathedral_of_symmetry, lemuel_nasty_pond
Tar:7:    tar_minmay_river
Zot:1:    grunt_twist_and_shout, layout_onion_interference
Zot:2:    gammafunk_sealed_library, layout_onion_interference, lemuel_elevator
Zot:3:    layout_basic, ebering_ghost_rock_garden, hangedman_elemental_corridor
Zot:4:    minmay_elemental_castle, layout_concentric_octagons,
          bh_zot_ikea_curve, st_stairs_9, zot_minivault_5
Zot:5:    layout_basic

Skill      XL: |  1  2  3  4  5  6  7  8  9 10 11 12 13 14 15 16 17 18 19 20 21 22 23 24 25 26 27 |
---------------+----------------------------------------------------------------------------------+-----
Crossbows      | 5 6 7 8 9 10 12 13 15 16 18 20 21 22 23 24 26 | 26.9
Fighting       | 3 4 5 6 7 8 9 10 11 12 13 14 15 16 17 18 19 20 26 | 26.8
Axes           | 2 3 5 7 8 10 11 12 13 14 15 16 17 18 19 26 | 26.2
Armour         | 1 2 3 4 5 7 8 9 10 23 | 23.6
Dodging        | 2 3 4 5 6 7 8 9 10 15 | 15.1
Invocations    | 3 4 6 7 8 9 10 26 | 26.9
Evocations     | 3 4 8 |  8.0
Hexes          | 3 5 7 8 9 10 11 | 11.8
Translocations | 3 5 7 |  7.7
Spellcasting   | 3 4 6 7 8 9 10 11 14 | 14.2
Summonings     | 1 4 6 7 9 10 12 | 12.4
Air Magic      | 2 4 6 7 |  7.7
Charms         | 4 |  4.2
Maces & Flails | 11 | 11.0
Stealth        | |  0.4

Action                   |  1- 3 |  4- 6 |  7- 9 | 10-12 | 13-15 | 16-18 | 19-21 | 22-24 | 25-27 || total
-------------------------+-------+-------+-------+-------+-------+-------+-------+-------+-------++-------
Melee: Short sword       |    29 |       |       |       |       |       |       |       |       ||    29
       Kick              |    24 |    23 |    54 |   101 |   351 |   113 |   129 |    95 |  1760 ||  2650
       Dagger            |   102 |    71 |       |       |       |       |       |       |       ||   173
       War axe           |       |    49 |   274 |   419 |  1233 |    69 |    50 |       |       ||  2094
       Punch             |       |       |     2 |       |     5 |       |       |       |       ||     7
       Executioner's axe |       |       |       |       |       |   124 |       |       |  3004 ||  3128
       Battleaxe         |       |       |       |       |       |   241 |   345 |   257 |   209 ||  1052
       Arbalest          |       |       |       |       |       |       |     1 |       |       ||     1
       Great mace        |       |       |       |       |       |       |       |       |  1169 ||  1169
       Headbutt          |       |       |       |       |       |       |       |       |   165 ||   165
       Unarmed           |       |       |       |       |       |       |       |       |     2 ||     2
       Triple crossbow   |       |       |       |       |       |       |       |       |     1 ||     1
 Fire: Hand crossbow     |    23 |    25 |       |       |       |       |       |       |    36 ||    84
       Triple crossbow   |       |       |       |       |   121 |  1014 |   593 |  1101 |  3567 ||  6396
       Arbalest          |       |       |       |       |    37 |   244 |  1045 |       |       ||  1326
Throw: Dart              |     7 |    48 |   101 |   158 |   189 |     1 |       |    13 |     3 ||   520
       Stone             |       |     1 |    41 |    46 |       |       |       |       |       ||    88
       Boomerang         |       |       |    20 |    33 |   166 |     3 |       |       |       ||   222
       Throwing net      |       |       |       |       |       |       |       |       |     1 ||     1
 Cast: Corona            |       |       |       |       |       |     8 |       |       |       ||     8
       Blink             |       |       |       |       |       |     9 |     7 |    14 |    68 ||    98
       Summon Butterflie |       |       |       |       |       |     1 |     3 |     5 |    34 ||    43
       Tukima's Dance    |       |       |       |       |       |    18 |       |       |     3 ||    21
       Apportation       |       |       |       |       |       |    15 |    56 |    53 |   404 ||   528
       Confuse           |       |       |       |       |       |     2 |     4 |       |     5 ||    11
       Portal Projectile |       |       |       |       |       |     2 |     7 |     8 |   137 ||   154
       Summon Lightning  |       |       |       |       |       |       |       |     7 |    18 ||    25
       Shroud of Golubri |       |       |       |       |       |       |       |     2 |     4 ||     6
Invok: Heroism           |       |       |     3 |     5 |    28 |    20 |    12 |    12 |    17 ||    97
       Finesse           |       |       |       |       |     7 |     8 |     2 |     6 |    11 ||    34
       Cleansing Flame   |       |       |       |       |       |       |       |       |   102 ||   102
       Summon Divine War |       |       |       |       |       |       |       |       |    59 ||    59
       Divine Shield     |       |       |       |       |       |       |       |       |    25 ||    25
       Donate Gold       |       |       |       |       |       |       |       |       |     9 ||     9
       Recite            |       |       |       |       |       |       |       |       |     2 ||     2
       Vitalisation      |       |       |       |       |       |       |       |       |     1 ||     1
       Brand Weapon With |       |       |       |       |       |       |       |       |     1 ||     1
 Abil: Evoke Flight      |       |       |       |       |       |       |       |       |     6 ||     6
       Evoke Invisibilit |       |       |       |       |       |       |       |       |     1 ||     1
Evoke: Wand              |       |       |       |    14 |    11 |     7 |     1 |     6 |    16 ||    55
       Lamp of fire      |       |       |       |     1 |     2 |     1 |       |     1 |     1 ||     6
       Fan of gales      |       |       |       |       |       |     1 |       |       |       ||     1
  Use: Scroll            |     4 |     8 |    10 |    10 |    13 |    21 |     5 |    15 |    88 ||   174
       Potion            |       |       |       |     2 |     3 |     5 |     2 |     7 |    62 ||    81
 Stab: Distracted        |       |       |       |       |       |       |     4 |     1 |       ||     5
       Invisible         |       |       |       |       |       |       |       |     8 |    14 ||    22
       Confused          |       |       |       |       |       |       |       |       |     1 ||     1
  Eat: Chunk             |     2 |     9 |     9 |    22 |    33 |    24 |    43 |    23 |    75 ||   240
       Ration            |       |       |     2 |     1 |     6 |    12 |     4 |     9 |    54 ||    88
Armor: Leather armour    |    22 |       |       |       |       |       |       |       |       ||    22
       Ring mail         |    39 |       |       |       |       |       |       |       |       ||    39
       Scale mail        |    14 |    62 |       |       |       |   709 |   628 |   492 |  3504 ||  5409
       Chain mail        |       |    17 |   152 |   191 |   683 |       |       |       |       ||  1043
       Plate armour      |       |       |       |       |    33 |    72 |       |       |   256 ||   361
       Gold dragon scale |       |       |       |       |       |       |       |     9 |    61 ||    70
       Skin              |       |       |       |       |       |       |       |       |     2 ||     2
Dodge: Dodged            |    76 |    39 |    56 |   101 |   655 |   918 |   622 |   417 |  4448 ||  7332
Block: Other             |       |       |       |       |       |       |       |       |   519 ||   519
       Reflection        |       |       |       |       |       |       |       |       |     1 ||     1
